Workbook
Name statut: 'Plan d''actions'!$I$1:$I$4

Sheet Avant-propos
B8: L’Omédit Normandie et le réseau Qual’Va ont créé cette grille d'auto-évaluation et d'audit croisé afin de vous permettre de mieux répondre aux exigences de la HAS. L’auto-évaluation n’est pas obligatoire dans l'évaluation HAS. Toutefois, l’ESSMS est encouragé à réaliser une auto-évaluation pour alimenter la dynamique d’amélioration continue de la qualité. Elle permet également à la structure de se familiariser avec la nouvelle démarche d’évaluation, de permettre aux professionnels de s’approprier les exigences du référentiel et de mettre à jour le plan d’action qualité. Cette grille a pour but de vous aider à évaluer le management de la qualité et la gestion des risques autour de la prise en charge médicamenteuse.
B9: Comment procéder? 1- Remplir l'onglet "Informations générales" (établissement audité) 2- Remplir la grille "Audit flash" (établissement audité) Composition recommandée pour la réalisation de l'audit flash : Référent PECM, Médecin Coordonnateur, IDEC ou Cadre, IDE, AS, Pharmacien et Préparateur 3- Remplir la grille "Audit dossiers" (établissement audité) (de préférence avec un médecin de la structure). Les 3 dossiers de résident doivent idéalement porter sur 3 profils parmi les suivants : - 1 résident traité pour une douleur par opioïde ou autre antalgique - 1 résident traité par Antipsychotique(s) - 1 résident traité par Benzodiazépine(s) - 1 résident traité par inhibiteur de la pompe à protons - 1 sortie d'hospitalisation récente/consultation récente - 1 résident avec des troubles de la déglutition - 1 résident traité par anticoagulant oral direct (AOD) 4- Remplir la grille "Audit terrain" (auditeurs externes) en tenant compte des éléments vus lors de la visite du service, entendus lors des entretiens avec les professionnels et lus lors des observations faites. 5- A partir de vos observations, remplir la synthèse des "Points forts" et "Points à améliorer" de l'onglet "Résultats". Les tableaux et graphiques se calculent automatiquement en fonction des réponses saisies dans les grilles "Audit flash", "Audit dossiers" et "Audit terrain". 6- A partir de la synthèse de ces grilles compléter votre plan d'actions.
B10: Liste des critères du référentiel Les critères sont donnés à titre indicatif pour vous donner des exemples ou des idées pour valoriser vos actions. La liste des critères principaux retenus fera l'objet d'un résultat à part entière pour vous permettre de visualiser vos taux de réussite sur le circuit du médicament. Thématique : Accompagnement à la santé Objectif 1.15 - La personne est actrice de ses choix sur son accompagnement en santé, la stratégie thérapeutique et les soins qui lui sont proposés - CRITERE 1.15.4 – La personne accompagnée est associée à la gestion de son traitement médicamenteux pour favoriser sa compréhension et son adhésion et s’assurer de sa continuité Objectif 1.16 - La personne accompagnée bénéficie d'une prise en charge de ses douleurs - CRITERE 1.16.1 – La personne s’exprime sur la manière dont sont prises en charge ses douleurs tout au long de son accompagnement - CRITERE 1.16.2 – Les professionnels repèrent et/ou évaluent régulièrement et tracent les douleurs de la personne accompagnée selon des modalités adaptées - CRITERE 1.16.3 – Les professionnels recueillent, auprès de l’entourage, des informations sur les manifestations habituelles des douleurs chez la personne accompagnée - CRITERE 1.16.4 – Les professionnels coconstruisent avec la personne accompagnée, la stratégie de prise en charge de la douleur - CRITERE 1.16.5 – Les professionnels alertent et/ou mobilisent tous les moyens nécessaires pour soulager la douleur de la personne accompagnée Objectif 3.6 - L'ESSMS définit et déploie sa stratégie de gestion du risque médicamenteux - CRITERE 3.6.1 – L’ESSMS définit sa stratégie de gestion du risque médicamenteux et s’assure de sa mise en œuvre - CRITERE 3.6.2 – Les professionnels respectent la sécurisation du circuit du médicament (critère impératif) - CRITERE 3.6.3 – Les professionnels accompagnent les personnes dans la continuité de leur prise en charge médicamenteuse - CRITERE 3.6.4 – Les professionnels alertent en cas de risque lié à la prise en charge médicamenteuse, dont la iatrogénie - CRITERE 3.6.5 – Les professionnels sont régulièrement sensibilisés et/ou formés à la prévention et à la gestion du risque médicamenteux Thématique : Démarche qualité et gestion des risques Objectif 3.13 - L'ESSMS assure le recueil et le traitement des évènements indésirables - CRITERE 3.13.1 – L’ESSMS organise le recueil et le traitement des évènements indésirables (critère impératif) - CRITERE 3.13.2 – L’ESSMS communique sur le traitement des évènements indésirables auprès des parties prenantes (critère impératif) - CRITERE 3.13.3 – Les professionnels déclarent et analysent en équipe les évènements indésirables et mettent en place des actions correctives (critère impératif) - CRITERE 3.13.4 – Les professionnels sont régulièrement sensibilisés et/ou formés à la gestion des évènements indésirables
B11: Glossaire PECM : Prise en charge médicamenteuse PUI : Pharmacie à usage interne CVS : Conseil de la Vie Sociale FEI : Fiche d'évènement indésirable EI : Evènement indésirable CRPV : Centre Régional de PharmacoVigilance ANSM : Agence Nationale de Sécurité du Médicament et des produits de santé DCI : Dénomination commune internationale Groupe de travail Nous tenions à remercier les établissements suivants pour leur participation au groupe de travail, pour la relecture et la réalisation des tests de la grille : - EHPAD Public du Havre Les Escales - EHPAD Association Sainte-Marie Saint-Joseph - EHPAD Fondation Beaufils - EHPAD Les Chanterelles

Sheet Informations générales
B10: Identification de l'établissement
B12: Nom de l'EHPAD :
B14: Nombre de résidents :
B16: EHPAD avec ou sans PUI :
B18: Présence d'IDE la nuit :
B20: Unité / Accueil spécifique (Unité protégée, accueil de jour, PASA…) :
B23: Audit croisé sur la prise en charge médicamenteuse
B25: Date de l'audit :
B27: Nom des auditeurs :

Sheet Audit flash
A8: Stratégie de la prise en charge médicamenteuse (PECM)
A9: Num | B9: Libellé | C9: Lien avec le critère du référentiel | D9: Eléments d'appréciation | E9: Réponses (renseigner la date) | H9: Commentaire
E10: ../../…. | F10: ../../…. | G10: ../../….
A11: Stratégie et enjeux de la sécurisation de la prise en charge médicamenteuse (PECM)
A12: 1 | B12: Une politique qualité et sécurité de la prise en charge médicamenteuse est validée dans le projet d'établissement | C12: 3.6.1 - L'ESSMS définit sa stratégie de gestion du risque médicamenteux et s'assure de sa mise en œuvre | D12: Projet d'établissement, projet de soins. Interview Direction, Chefs de services, RSM, GDR. S'assurer du caractère effectif au regard des articles L.311-8 et D. 344-5-5 du CASF. Analyser la forme, le contenu notamment en matière de coordination, de coopération et d'évaluation des activités et de la qualité des prestations, ainsi que ses modalités d'organisation et de fonctionnement
A13: 2 | B13: L'organisation du circuit du médicament est abordée dans le cadre du conseil de la vie sociale | C13: 3.6.1 - L'ESSMS définit sa stratégie de gestion du risque médicamenteux et s'assure de sa mise en œuvre | D13: Le résident et ses aidants sont impliqués aux réflexions portées pour améliorer la PECM. Interroger direction, familles
A14: 3 | B14: Il existe un référent PECM identifié et connu au sein de l'établissement | C14: 3.6.1 - L'ESSMS définit sa stratégie de gestion du risque médicamenteux et s'assure de sa mise en œuvre | D14: Voir fiche de poste et interroger RPECM sur effectivité, temps consacré
A15: 4 | B15: L'établissement a communiqué en interne sur les enjeux de la sécurisation de la PECM et les risques d'erreurs médicamenteuses | C15: 3.6.1 - L'ESSMS définit sa stratégie de gestion du risque médicamenteux et s'assure de sa mise en œuvre | D15: Voir éléments de communication interne, interroger direction RPECM
A16: 5 | B16: L'établissement a schématisé les étapes du circuit du médicament. Ce schéma est à jour et est facilement consultable par tous | C16: 3.6.1 - L'ESSMS définit sa stratégie de gestion du risque médicamenteux et s'assure de sa mise en œuvre | D16: Organisation de la PECM : étape, acteur et points de vigilance
A17: 6 | B17: L'établissement a constitué et réuni un comité PECM | C17: 3.6.1 - L'ESSMS définit sa stratégie de gestion du risque médicamenteux et s'assure de sa mise en œuvre | D17: Comité, Commission de coordination gériatrique. Dernier compte-rendu (date, composition, thème abordé)
A18: 7 | B18: Le médecin coordonnateur, en lien avec le pharmacien référent, définit les objectifs spécifiques à votre établissement pour améliorer certaines pratiques de prescription (médicament potentiellement inapproprié comme IPP, psychotropes..., adaptation de posologie /forme galénique…) | C18: 3.6.1 - L'ESSMS définit sa stratégie de gestion du risque médicamenteux et s'assure de sa mise en œuvre | D18: Interviewer médecin coordonnateur et pharmacien référent : thèmes à préciser
A19: 8 | B19: L'établissement réalise une évaluation de la PECM avec une périodicité définie | C19: 3.6.1 - L'ESSMS définit sa stratégie de gestion du risque médicamenteux et s'assure de sa mise en œuvre | D19: Auto-évaluation type Qual'Va/OMéDIT
A20: 9 | B20: Un plan d'action personnalisé est mis en place à la suite d'un auto-diagnostic, de l'analyse des évènements indésirables et des situations à risque | C20: 3.6.1 - L'ESSMS définit sa stratégie de gestion du risque médicamenteux et s'assure de sa mise en œuvre 3.13.1 - L’ESSMS organise le recueil et le traitement des évènements indésirables. | D20: Voir plan d'actions / situations à risques identifiées et date
A21: 10 | B21: Les résidents présentant des risques dans la prise en charge médicamenteuse sont identifiés | C21: 1.15.6 - Les professionnels repèrent de manière précoce les risques en santé pour la personne accompagnée et alertent les personnes-ressources | D21: Troubles de déglutition, troubles Alzheimer et apparentés, troubles mnésiques et mentaux, risque de iatrogénie. Interviewer Direction, IDEC, médecin coordonnateur et pharmacien référent
A22: 11 | B22: Les professionnels dans votre établissement ont coconstruit la stratégie de prise en charge de la douleur des personnes accompagnées avec une réévaluation régulière | C22: 1.16.4 – Les professionnels coconstruisent avec la personne accompagnée, la stratégie de prise en charge de la douleur | D22: Interviewer Direction, IDEC, médecin coordonnateur et pharmacien référent. + Consultation documentaire : - Traçabilité dans le dossier de la personne accompagnée de la stratégie de prise en charge de la douleur - Procédure d’évaluation et de réévaluation de la douleur
A23: 12 | B23: Vous avez identifié dans votre établissement des médicaments "à risque" (anticoagulant, insuline, médicament stupéfiant ou assimilé stupéfiant (ex: Morphine, Oxycodone, Fentanyl, Midazolam…) et mis en place des dispositions spécifiques de gestion / préparation / administration | C23: 3.6.1 - L'ESSMS définit sa stratégie de gestion du risque médicamenteux et s'assure de sa mise en œuvre | D23: Interviewer Direction, IDEC, médecin coordonnateur et pharmacien référent
... A25: 14 | B25: Pour les établissements sans pharmacie à usage interne (PUI), une convention existe entre votre établissement et la pharmacie d'officine. Pour les établissements avec PUI, une procédure définit les liens organisationnels avec la PUI | C25: 3.6.1 - L'ESSMS définit sa stratégie de gestion du risque médicamenteux et s'assure de sa mise en œuvre | D25: Liens organisationnels : heure et jour de délivrance, modalités de commandes, bons d'urgence, modalités de préparation des doses à administrer. Pharmacien référent désigné. Contribution de la pharmacie à l'amélioration continue de la qualité et sécurité de la PECM. Interviewer pharmacien, voir convention ou procédure
A26: Evènements indésirables
A27: 15 | B27: Une fiche de signalement des évènements indésirables médicamenteux est à disposition des professionnels | C27: 3.13.1 - L'ESSMS organise le recueil et le traitement des évènements indésirables | D27: Interviewer équipes soignantes. Voir fiche et accessibilité / connaissance des équipes
A28: 16 | B28: L'équipe soignante est sensibilisée et incitée à signaler les évènements indésirables liés aux médicaments ou dispositifs médicaux. Une procédure existe, est connue et facilement consultable. Une charte d'incitation à la déclaration ou document équivalent existe | C28: 3.13.4 - Les professionnels sont régulièrement sensibilisés et/ou formés à la gestion des évènements indésirables | D28: Interviewer équipes soignantes. Charte d'incitation à la déclaration. Voir accessibilité/diffusion
A29: 17 | B29: Une analyse collective des évènements indésirables est organisée. Un plan d'action avec pilote, suivi et délai est mis en place | C29: 3.13.3 - Les professionnels déclarent et analysent en équipe les évènements indésirables et mettent en place des actions correctives | D29: Interviewer direction, cadre, RPECM. Voir procédure ou tout autre document institutionnel validé
A30: 18 | B30: Une communication sur le traitement des évènements indésirables est organisée | C30: 3.13.2 - L'ESSMS communique sur le traitement des évènements indésirables auprès des parties prenantes | D30: Interviewer équipes soignantes. Voir dernières communications
A31: 19 | B31: Les évènements indésirables graves médicamenteux sont signalés sur le portail national | C31: 3.13.1 - L'ESSMS organise le recueil et le traitement des évènements indésirables | D31: Interviewer équipes soignantes
A32: Protocoles / procédures
A33: 20 | B33: Il existe une procédure générale et des protocoles sur l'ensemble du processus de prise en charge médicamenteuse définissant les responsabilités de chacun, actualisés/revalidés régulièrement autant que besoin. Il existe une procédure sur les pratiques en terme de distribution, d'administration, d'aide à la prise et de surveillance des résidents. Ces documents sont accessibles et connus par les équipes médicales et soignantes. | C33: 3.6.1 - L'ESSMS définit sa stratégie de gestion du risque médicamenteux et s'assure de sa mise en œuvre 3.6.2 - Les professionnels respectent la sécurisation du circuit du médicament | D33: Interviewer les équipes médicales et soignantes : documents accessibles et connus Organisation de la PECM définie pour chaque étape : acteurs / prescription, …, aide à la prise - y compris nuit, week-end, jours fériés, urgences…
A34: 21 | B34: Un protocole décrit la conduite à tenir en cas d'impossibilité d'accéder au logiciel informatique de soins ou de prescriptions (panne informatique, panne réseau…) | C34: 3.15.2 - L'ESSMS définit et déploie sa stratégie numérique. | D34: Interviewer les équipes médicales et soignantes : modalités de fonctionnement en mode dégradé (remise en fonctionnement, supports disponibles et contrôles associés)
A35: 22 | B35: Une liste préférentielle des médicaments est élaborée (liste des médicaments à utiliser préférentiellement, par classes pharmaco-thérapeutiques) et connue par les médecins traitants et l'équipe soignante | C35: 3.6.1 - L'ESSMS définit sa stratégie de gestion du risque médicamenteux et s'assure de sa mise en œuvre 3.6.2 - Les professionnels respectent la sécurisation du circuit du médicament | D35: Interviewer les équipes médicales et soignantes : consultation et accessibilité
A36: 23 | B36: La réévaluation pluriprofessionnelle des traitements est organisée est fait l'objet d'un protocole écrit | C36: 3.6.1 - L'ESSMS définit sa stratégie de gestion du risque médicamenteux et s'assure de sa mise en œuvre | D36: Interviewer les équipes médicales et soignantes : consultation et accessibilité
A37: 24 | B37: Des actions sont mises en œuvre pour éviter tout risque de retranscription lors de la prescription à l'administration | C37: 3.6.1 - L'ESSMS définit sa stratégie de gestion du risque médicamenteux et s'assure de sa mise en œuvre | D37: Interviewer les équipes soignantes
A38: 25 | B38: Une procédure sur le stockage des médicaments existe. Les péremptions sont régulièrement vérifiées. | C38: 3.6.1 - L'ESSMS définit sa stratégie de gestion du risque médicamenteux et s'assure de sa mise en œuvre | D38: Interviewer les équipes médicales et soignantes : consultation et accessibilité
A39: Formation / Information
A40: 26 | B40: Les modalités de la prise en charge médicamenteuse de votre établissement sont expliquées lors de l'accueil d'un nouveau professionnel ou médecins traitants / intervenants remplaçants | C40: 3.8.2 - L'ESSMS met en œuvre un processus d'accueil et d'intégration des nouveaux professionnels et intervenants | D40: Interviewer les équipes médicales et soignantes et consultation documentaire : feuille d'émargement des formations pour les nouveaux arrivants, livret d'accueil, intranet, outils… Entretien avec l’ESSMS • L’ESSMS dispose d’un processus d’accueil et d’intégration des nouveaux professionnels et intervenants. • L’ESSMS s’assure de sa mise en oeuvre. Consultation documentaire • Tous documents décrivant la procédure d’accueil des nouveaux arrivants (organisation, rôles et responsabilités)
A41: 27 | B41: L'établissement organise des formations et sensibilisations portant sur la sécurisation du circuit du médicament, y compris iatrogénie, identitovigilance et prise en charge de la douleur | C41: 3.6.5 - Les professionnels sont régulièrement sensibilisés et/ou formés à la prévention et à la gestion du risque médicamenteux | D41: Interviewer direction. Taux de professionnels formés et thématiques
A42: 28 | B42: Les professionnels alertent les personnes-ressources en cas de risque identifié. Les professionnels surveillent les signes de non-observance et de iatrogénie médicamenteuse chez les personnes accompagnées. Une traçabilité et/ou une communication particulière vers le prescripteur est faite systématiquement | C42: 3.6.4 – Les professionnels alertent en cas de risque lié à la prise en charge médicamenteuse, dont la iatrogénie. | D42: Tous éléments de traçabilité présents dans le dossier de la personne accompagnée permettant de confirmer un système d’alerte en cas de risque lié à la prise en charge médicamenteuse. Toute procédure décrivant la conduite à tenir en cas d’alerte ou d’évènement indésirable. Tous éléments de traçabilité permettant d’alerter en cas de non-observance, de iatrogénie des médicaments : fiches de signalement, numéros d’urgence.

Sheet Audit dossiers
A8: Num | B8: Libellé | C8: Critère du référentiel concerné | D8: Dossier 1 | E8: Dossier 2 | F8: Dossier 3 | G8: Commentaire
A9: Dossier médical/Prescription/Traçabilité
A10: 1 | B10: Toutes les prescriptions sont retrouvées sur un support unique prescription/aministration pour l'ensemble du traitement, sans retranscription | C10: 3.6.2 - Les professionnels respectent la sécurisation du circuit du médicament
A11: 2 | B11: Une évaluation gériatrique standardisée est systématiquement réalisée à l'entrée et réévaluée | C11: 1.12.2 - Les professionnels évaluent régulièrement les besoins de la personne accompagnée pour favoriser ou préserver son autonomie 1.14.2 - Les professionnels évaluent les besoins de la personne accompagnée en matière de prévention et d'éducation à la santé.
A12: 3 | B12: Les allergies éventuelles à des médicaments des résidents sont systématiquement mentionnées dans son dossier | C12: 3.6.2 - Les professionnels respectent la sécurisation du circuit du médicament
A13: 4 | B13: Le poids du résident est mesuré et indiqué dans le dossier du résident à l'entrée de celui-ci. Il est réévalué et indiqué dans le dossier régulièrement (au moins tous les 3 mois) | C13: 3.6.2 - Les professionnels respectent la sécurisation du circuit du médicament
A14: 5 | B14: La fonction rénale du résident est évaluée au moins une fois par an et notée dans son dossier | C14: 3.6.2 - Les professionnels respectent la sécurisation du circuit du médicament
A15: 6 | B15: Les prescriptions sont intégralement conformes aux bonnes pratiques (datées, lisibles, signées, identification du médecin et du résident, dosages, posologies, conditions d'administration, durées, voie d'administration pour les injectables) | C15: 3.6.2 - Les professionnels respectent la sécurisation du circuit du médicament
A16: 7 | B16: La prescription se fait préférentiellement en dénomination commune internationale (DCI). Lorsque la prescription mentionne les noms de spécialités, la DCI doit être aussi systématiquement indiquée | C16: 3.6.2 - Les professionnels respectent la sécurisation du circuit du médicament
A17: 8 | B17: Les prescriptions conditionnelles (si besoin) (exemples : antalgiques, antipsychotiques, etc.) détaillent clairement les modalités de prise, comportent une durée maximale de traitement, stipulent le nombre maximal d'administration par période de 24h avec l'intervalle temporel entre deux prises consécutives | C17: 3.6.2 - Les professionnels respectent la sécurisation du circuit du médicament
A18: 9 | B18: Les modalités de dilution des médicaments injectables (nature et volume du véhicule) sont prescrites ou renvoient à un protocole validé par l'établissement | C18: 3.6.2 - Les professionnels respectent la sécurisation du circuit du médicament
A19: 10 | B19: Des réévaluations régulières des traitements médicamenteux des résidents sont effectuées en pluriprofessionnalité (médecin coordonnateur, médecins traitants, pharmacien référent, infirmières etc.) et sont tracées dans le dossier médical ou dossier de soins (au moins une fois/an) | C19: 3.6.2 - Les professionnels respectent la sécurisation du circuit du médicament
A20: 11 | B20: Les prescriptions nominatives de médicaments stupéfiants sont réalisées sur des ordonnances sécurisées (Pour chaque médicament soumis à la réglementation des stupéfiants, le LAP imprime la posologie en unité de prise après l'avoir traduite en toutes lettres) Référentiel fonctionnel de certification des logiciels hospitaliers d'aide à la prescription, validé par le Collège le 6 mai 2021 / Référentiel fonctionnel de certification des logiciels d'aide à la prescription en médecine ambulatoire, validé par le Collège le 25 mars 2021 | C20: 3.6.2 - Les professionnels respectent la sécurisation du circuit du médicament
A21: 12 | B21: La traçabilité des prises/administrations est conforme : le nombre de prises théoriques de la prescription, sur l'ensemble des jours de la semaine, est égal au nombre de prises réelles ou de non prises traçées dans le dossier | C21: 3.6.2 - Les professionnels respectent la sécurisation du circuit du médicamen
A22: Coordination entre les partenaires/ Continuité de la prise en charge
A23: 13 | B23: En cas d'hospitalisation, il existe une fiche de liaison et/ou un dossier de liaison d'urgence (DLU) permettant notamment d'assurer la continuité de la prise en charge médicamenteuse | C23: 3.6.3 - Les professionnels accompagnent les personnes dans la continuité de leur prise en charge médicamenteuse. 3.6.2 - Les professionnels respectent la sécurisation du circuit du médicament
A24: 14 | B24: Lors d'un retour d'hospitalisation, une confrontation de son traitement avant et au retour dans l'établissement est effectuée (pharmacien référent, médecin, infirmier). Toute modification est tracée dans le dossier du résident | C24: 3.6.3 - Les professionnels accompagnent les personnes dans la continuité de leur prise en charge médicamenteuse. 3.6.2 - Les professionnels respectent la sécurisation du circuit du médicament
A25: Prise en charge par antipsychotique
A26: 15 | B26: Une surveillance des effets indésirables (clinique, paraclinique et biologique) est mise en œuvre, adaptée aux facteurs de risque/molécule, et tracée dans le dossier (exemples de paramètres à suivre : ECG, pression artérielle, ionogramme sanguin, bilan hépatique, bilan rénal, bilan lipidique, NFS, plaquettes, transit, appétit...) | C26: 3.6.2 - Les professionnels respectent la sécurisation du circuit du médicament
A27: 16 | B27: En cas d'utilisation de l'antipsychotique dans le cadre de troubles psycho-comportementaux chez la personne atteinte de syndrome démentiel, la recherche de facteurs déclenchants a été faite, en amont de la prescription et est tracée dans le dossier. | C27: 3.6.2 - Les professionnels respectent la sécurisation du circuit du médicament
A28: 17 | B28: En cas d'utilisation de l'antipsychotique dans le cadre de troubles psycho-comportementaux chez la personne atteinte de syndrome démentiel, des mesures non pharmacologiques ont été entreprises, avant la prescription | C28: 3.6.2 - Les professionnels respectent la sécurisation du circuit du médicament
A29: 18 | B29: En cas d'utilisation de l'antipsychotique dans le cadre de troubles psycho-comportementaux chez la personne atteinte de syndrome démentiel, une déprescription de l'antipsychotique est programmée et tracée dans le dossier. | C29: 3.6.2 - Les professionnels respectent la sécurisation du circuit du médicament 1.15.7 - Les professionnels tiennent compte du rapport bénéfice/risque pour proposer des modalités d'accompagnement adaptées à la santé de la personne
A30: Prise en charge par benzodiazépine hypnotique/anxiolytique
A31: 19 | B31: En cas de traitement débuté au moins depuis 90 jours, une déprescription a été tentée ou est programmée, et tracée dans le dossier | C31: 3.6.2 - Les professionnels respectent la sécurisation du circuit du médicament 1.15.7 - Les professionnels tiennent compte du rapport bénéfice/risque pour proposer des modalités d'accompagnement adaptées à la santé de la personne
A32: Prise en charge par inhibiteur de la pompe à protons
A33: 20 | B33: En cas de traitement par IPP > 8 semaines, l'indication de l'IPP au long cours est justifiée dans le dossier du résident (oesophagite sévère, œsophage de Barett, sténose peptique, antécédents d'ulcères compliqués et prévention des récidives chez les patients fragiles (hors Helicobacter Pylori), Syndrome de Zollinger Ellison, utilisation chronique d'AINS chez les patients de plus de 65 ans et RGO si rechutes fréquentes ou précoces) | C33: 3.6.2 - Les professionnels respectent la sécurisation du circuit du médicament 1.15.7 - Les professionnels tiennent compte du rapport bénéfice/risque pour proposer des modalités d'accompagnement adaptées à la santé de la personne
A34: 21 | B34: En cas de traitement par IPP > 8 semaines, dont l'indication au long cours n'est pas justifiée dans le dossier du résident ou lors d'une posologie inadaptée, la déprescription (arrêt ou diminution de dose) est en cours ou programmée | C34: 3.6.2 - Les professionnels respectent la sécurisation du circuit du médicament 1.15.7 - Les professionnels tiennent compte du rapport bénéfice/risque pour proposer des modalités d'accompagnement adaptées à la santé de la personne
A35: Surveillance
A36: 22 | B36: L'autonomie du résident est évaluée et tracée à son admission | C36: 1.12.2 - Les professionnels évaluent régulièrement les besoins de la personne accompagnée pour favoriser ou préserver son autonomie.
A37: 23 | B37: L'autonomie du résident pour prendre lui-même ses médicaments est tracée et réévaluée régulièrement | C37: 3.6.2 - Les professionnels respectent la sécurisation du circuit du médicament
A38: 24 | B38: Si le résident gère seul son traitement, les conditions de gestion, de détention des médicaments et des informations fournies au résident sont tracées dans son dossier | C38: 3.6.2 - Les professionnels respectent la sécurisation du circuit du médicament
A39: Prise en charge de la douleur
A40: 25 | B40: L’expression du résident sur sa douleur est favorisée tout au long de son accompagnement. Une traçabilité de la prise en compte de sa douleur est retrouvée dans son dossier | C40: 1.16.1 - La personne s’exprime sur la manière dont sont prises en charge ses douleurs tout au long de son accompagnement
A41: 26 | B41: Une évaluation de la douleur est systématiquement réalisée à l'entrée et réévaluée à l'aide d'une échelle validée et adaptée (échelle d'hétéro-évaluation : ECPA, algoplus, doloplus, DN4, échelle d'auto-évaluation : EVA, EVS, échelle numérique... ) | C41: 1.16.2 - Les professionnels repèrent et/ou évaluent régulièrement et tracent les douleurs de la personne accompagnée selon des modalités adaptées 1.16.3 - Les professionnels recueillent, auprès de l’entourage, des informations sur les manifestations habituelles des douleurs chez la personne accompagnée
A42: 27 | B42: Des techniques non médicamenteuses de gestion de la douleur sont recherchées à l'initiation du traitement et lors des réévaluations régulières (position fauteuil, kinésithérapie, TENS, etc.) | C42: 1.16.5 - Les professionnels alertent et/ou mobilisent tous les moyens nécessaires pour soulager la douleur de la personne accompagnée
A43: 28 | B43: Avant toute prise/administration d'une prescription conditionnelle d'antalgique, une évaluation de la douleur à l'aide d'une échelle validée et adaptée, est réalisée et tracée dans le dossier | C43: 3.6.2 - Les professionnels respectent la sécurisation du circuit du médicament
A44: 29 | B44: Les intervalles de temps entre les doses d'antalgiques ainsi que les doses maximales sont respectés sur la prescription (exemple : paracétamol 500 mg à 1 g toutes les 4 à 6h) | C44: 3.6.2 - Les professionnels respectent la sécurisation du circuit du médicament
A45: 30 | B45: La prescription d'antalgique opioïde est associée à la prescription systématique d'un laxatif, pendant toute la durée du traitement | C45: 3.6.2 - Les professionnels respectent la sécurisation du circuit du médicament
A46: Prise en charge des troubles de la déglutition
A47: 31 | B47: Une recherche de difficultés de déglutition, est réalisée sur signes d'appel, par un professionnel habilité/formé au dépistage des troubles de la déglutition (orthophoniste, ORL, ergothérapeute, kiné, etc.). Les éventuels troubles de déglutition du résident sont indiqués dans son dossier | C47: 2.4.4 - Les professionnels adaptent le projet d'accompagnement aux risques de dénutrition, malnutrition et/ou des troubles de la déglutition auxquels la personne est confrontée.
A48: 32 | B48: Chez un résident présentant des troubles de la déglutition, la recherche d'alternatives galéniques (solution buvable, comprimé orodispersible, forme sublinguale) ou d'alternatives thérapeutiques est systématiquement réalisée | C48: 2.4.4 - Les professionnels adaptent le projet d'accompagnement aux risques de dénutrition, malnutrition et/ou des troubles de la déglutition auxquels la personne est confrontée.
A49: 33 | B49: L'acte d'écrasement des médicaments/ouverture des gélules est systématiquement prescrit | C49: 2.4.4 - Les professionnels adaptent le projet d'accompagnement aux risques de dénutrition, malnutrition et/ou des troubles de la déglutition auxquels la personne est confrontée.
A50: Prise en charge par anticoagulant oral direct (AOD)
A51: 34 | B51: L'indication du traitement par anticoagulant oral direct (AOD) et sa date d'introduction sont tracés dans le dossier du résident | C51: 3.6.2 - Les professionnels respectent la sécurisation du circuit du médicament
A52: 35 | B52: La posologie de l'anticoagulant oral direct (AOD) est adaptée au résident, selon les recommandations (cf guide de bon usage des anticoagulants à destination des professionnels de santé : https://www.omedit-normandie.fr/media-files/42806/guide-de-poche-anticoagulants-v18_07_2024.pdf) (poids, fonction rénale, âge...) | C52: 3.6.2 - Les professionnels respectent la sécurisation du circuit du médicament
A53: 36 | B53: Le traitement par anticoagulant oral direct est régulièrement (au moins une fois/an) réévalué (posologie, observance, associations médicamenteuses à risque : AINS, anti-agrégant plaquettaire…) et cette réévaluation est tracée dans le dossier du résident | C53: 3.6.2 - Les professionnels respectent la sécurisation du circuit du médicament

Sheet Audit terrain
A8: Stratégie de la prise en charge médicamenteuse (PECM)
A9: Num | B9: Libellé | C9: Critère concerné | D9: Personne rencontrée | E9: Eléments d'appréciation | F9: Cotation | G9: Commentaire
A10: Evènements indésirables
A11: 1 | B11: Une fiche de déclaration d'évènement indésirable médicamenteux est connue des professionnels | C11: 3.13.1 - L'ESSMS organise le recueil et le traitement des évènements indésirables | D11: Cadre/IDE/AS/médecin… | E11: Interroger minimum 2 catégories socio-professionnelles différentes. Connaissance des procédures et description des modalités pratiques
A12: 2 | B12: Pour encourager la déclaration des erreurs médicamenteuses, la charte "d'incitation à la déclaration" est connue des professionnels | C12: 3.13.4 - Les professionnels sont régulièrement sensibilisés et/ou formés à la gestion des évènements indésirables | D12: Cadre/IDE/AS/médecin… | E12: Interroger minimum 2 catégories socio-professionnelles différentes. Connaissance des procédures et modalité de diffusion
A13: 3 | B13: Des réunions d'analyses collectives sur les évènements indésirables sont organisées | C13: 3.13.3 - Les professionnels déclarent et analysent en équipe les évènements indésirables et mettent en place des actions correctives | D13: Cadre/IDE/AS/médecin… | E13: Interroger minimum 2 catégories socio-professionnelles différentes. Connaissance des procédures et éventuelle formation des équipes aux analyses
A14: 4 | B14: Les professionnels ont connaissance des actions correctives décidées durant les réunions pluridisciplinaires d'analyse collective des évènements indésirables | C14: 3.13.2 - L'ESSMS communique sur le traitement des évènements indésirables auprès des parties prenantes | D14: Cadre/IDE/AS/médecin… | E14: Interroger minimum 2 catégories socio-professionnelles différentes. Accessibilité et éventuelle association des équipes pour proposer des actions correctives
A15: Protocoles / procédures
A16: 5 | B16: La procédure générale et les protocoles sur l'ensemble du processus de prise en charge médicamenteuse sont accessibles et connus par les équipes médicales et soignantes | C16: 3.6.1 - L'ESSMS définit sa stratégie de gestion du risque médicamenteux et s'assure de sa mise en œuvre 3.8.6 - Les professionnels sont régulièrement sensibilisés et/ou formés aux RBPP, procédures et références spécifiques à leur cadre d’intervention | D16: Cadre/IDE/AS/médecin… | E16: Interroger minimum 2 catégories socio-professionnelles différentes. Connaissance des procédures et accessibilité
A17: 6 | B17: Il existe une liste des médicaments préférentiels (Livret thérapeutique) définie en concertation avec le médecin coordonnateur, les médecins traitants et le pharmacien gérant de la PUI ou le pharmacien de l'officine ayant passé convention avec l'EHPAD | C17: 3.6.1 - L'ESSMS définit sa stratégie de gestion du risque médicamenteux et s'assure de sa mise en œuvre 3.8.6 - Les professionnels sont régulièrement sensibilisés et/ou formés aux RBPP, procédures et références spécifiques à leur cadre d’intervention | D17: Médecin/IDE/Cadre… | E17: Interroger minimum 2 catégories socio-professionnelles différentes. Existence et connaissance de la liste et voir son accessibilité
A18: 7 | B18: La convention avec la pharmacie d'officine, ou la procédure avec la PUI, correspond aux pratiques réelles | C18: 3.6.1 - L'ESSMS définit sa stratégie de gestion du risque médicamenteux et s'assure de sa mise en œuvre | D18: Cadre/IDE/AS/médecin… | E18: Connaissance des procédures et accessibilité. Les liens organisationnels sont conformes avec la convention ou la procédure
A19: Projet d'accompagnement
A20: 8 | B20: La personne accompagnée est associée à la gestion de son traitement médicamenteux | C20: 1.15.4 - La personne est actrice de ses choix sur son accompagnement en santé, la stratégie thérapeutique et les soins qui lui sont proposés | D20: Cadre/IDE/AS… | E20: Interroger minimum 2 catégories socio-professionnelles différentes. Les changements de traitements sont expliqués au résident et/ou à sa famille ?
A21: 9 | B21: Lors de l'entrée du résident, ou lors du retour d'une hospitalisation intercurrente, les modifications du traitement (arrêt, substitution ou modification) réalisées à l'entrée du résident ou au cours de son hospitalisation sont expliquées au résident et/ou à la famille/entourage | C21: 1.15.4 - La personne est actrice de ses choix sur son accompagnement en santé, la stratégie thérapeutique et les soins qui lui sont proposés | D21: Cadre/IDE/AS… | E21: Interroger minimum 2 catégories socio-professionnelles différentes. Modalité connue
A22: 10 | B22: Les résidents présentant des risques dans la prise en charge médicamenteuse sont identifiés | C22: 3.6.3 - Les professionnels accompagnent les personnes dans la continuité de leur prise en charge médicamenteuse | D22: Cadre/IDE/AS… | E22: Interroger minimum 2 catégories socio-professionnelles différentes. Connaissance et accessibilité de l'information
A24: Mise en œuvre de la PECM
A25: Num | B25: Libellé | C25: Critère concerné | D25: Personne rencontrée | E25: Eléments d'appréciation | F25: Cotation | G25: Commentaire
A26: Prescription / Dispensation
A27: 11 | B27: Les prescriptions orales sont limitées aux urgences vitales | C27: 3.6.2 - Les professionnels respectent la sécurisation du circuit du médicament | D27: Médecin | E27: Interroger minimum 2 catégories socio-professionnelles différentes. Modalité connue
A28: 12 | B28: L'accès au logiciel de prescription est sécurisé par un identifiant et un mot de passe confidentiel et reservé exclusivement à chaque prescripteur | C28: 3.6.2 - Les professionnels respectent la sécurisation du circuit du médicament 3.15.2 - L'ESSMS définit et déploie sa stratégie numérique | D28: Médecin | E28: Interroger minimum 2 catégories socio-professionnelles différentes. Voir accessibilité
A29: 13 | B29: Le personnel connait les horaires d'ouverture de la pharmacie. Les modalités de dépannage sont formalisées et connues en dehors des horaires d'ouverture de la pharmacie (astreinte, dotation pour besoins urgents) | C29: 3.6.1 - L'ESSMS définit sa stratégie de gestion du risque médicamenteux et s'assure de sa mise en œuvre | D29: Cadre/IDE/AS/médecin… | E29: Interroger minimum 2 catégories socio-professionnelles différentes. Connaissance et accessibilité
A30: 14 | B30: L'EHPAD a pris les dispositions adéquates pour que le pharmacien accède aux informations nécessaires pour analyser l'ordonnance. Le pharmacien réalise une analyse pharmaceutique au regard des ordonnances originales et des données biologiques. Ces avis pharmaceutiques sont tracés dans le dossier du résident avec information de l'équipe | C30: 3.6.2 - Les professionnels respectent la sécurisation du circuit du médicament | D30: Pharmacien | E30: Interroger minimum 2 catégories socio-professionnelles différentes. Connaissance et accessibilité à l'information
A31: 15 | B31: Les retraits de lot sont mis en œuvre dès publication de l'alerte | C31: 3.6.2 - Les professionnels respectent la sécurisation du circuit du médicament | D31: Pharmacien | E31: Interroger minimum 2 catégories socio-professionnelles différentes. Connaissance et accessibilité à l'information
A32: 16 | B32: Les délivrances nominatives arrivent dans des contenants scellés (bacs, tiroirs, casiers, sachets…) adaptés au mode de rangement de l'établissement | C32: 3.6.2 - Les professionnels respectent la sécurisation du circuit du médicament | D32: Cadre/IDE/Pharmacien… | E32: Interroger minimum 2 catégories socio-professionnelles différentes. Connaissance et accessibilité Pour PUI : observer également les délivrances globalisées qui doivent être sécurisées
A33: 17 | B33: Si un médicament n'est pas délivré, le pharmacien en donne la raison et propose une substitution au médecin traitant. L'intervention est tracée | C33: 3.6.2 - Les professionnels respectent la sécurisation du circuit du médicament | D33: Cadre/IDE/ Pharmacien/Médecin… | E33: Interroger minimum 2 catégories socio-professionnelles différentes. Connaissance et accessibilité à l'information
A34: Préparation / Administration
A35: 18 | B35: Les préparations des doses à administrer sont réalisées conformément à la réglementation (personnel habilité, local et conditions de travail adaptés) | C35: 3.6.1 - L'ESSMS définit sa stratégie de gestion du risque médicamenteux et s'assure de sa mise en œuvre 3.6.2 - Les professionnels respectent la sécurisation du circuit du médicament | D35: Cadre/IDE/Pharmacien… | E35: Interroger minimum 2 catégories socio-professionnelles différentes. Connaissance des procédures et description des pratiques professionnelles
A36: 19 | B36: La préparation des doses à administrer respecte la période de préparation : - sur maximum 7 jours si les médicaments sont déconditionnés (sortis de leur blister, leur stabilité n'est plus garantie) - jusqu'à 28 jours toléré, si le conditionnement primaire de tous les médicaments est conservé, mais période supérieure à 7 jours à éviter car complique les modifications du traitement | C36: 3.6.1 - L'ESSMS définit sa stratégie de gestion du risque médicamenteux et s'assure de sa mise en œuvre 3.6.2 - Les professionnels respectent la sécurisation du circuit du médicament | D36: Cadre/IDE/Pharmacien… | E36: Interroger minimum 2 catégories socio-professionnelles différentes. Connaissance des procédures et description des pratiques professionnelles
A37: 20 | B37: A l'EHPAD comme à la pharmacie (officine ou PUI), une organisation a été mise en œuvre pour limiter le plus possible l'interruption de tâche de la personne en charge de la préparation des doses à administrer | C37: 3.6.2 - Les professionnels respectent la sécurisation du circuit du médicament | D37: Cadre/IDE/Pharmacien… | E37: Interroger minimum 2 catégories socio-professionnelles différentes. Connaissance des procédures et description des pratiques professionnelles
A38: 21 | B38: Un double contrôle des tiroirs ou piluliers préparés est effectué | C38: 3.6.2 - Les professionnels respectent la sécurisation du circuit du médicament | D38: Cadre/IDE/Pharmacien… | E38: Interroger minimum 2 catégories socio-professionnelles différentes. Connaissance des procédures et description des pratiques professionnelles. Observer si possible
A39: 22 | B39: La préparation et l'administration des médicaments sont faites au regard de la prescription initiale, et non d'une retranscription de cette prescription | C39: 3.6.2 - Les professionnels respectent la sécurisation du circuit du médicament | D39: Cadre/IDE/Pharmacien… | E39: Interroger minimum 2 catégories socio-professionnelles différentes. Connaissance des procédures et description des pratiques professionnelles. Observer si possible
A40: 23 | B40: Le pilulier utilisé pour apporter les doses à administrer jusqu'à la chambre est identifié avec nom, prénom, date de naissance, jour et moment de prise, éventuellement photo du résident | C40: 3.6.2 - Les professionnels respectent la sécurisation du circuit du médicament | D40: Cadre/IDE/Pharmacien… | E40: Interroger minimum 2 catégories socio-professionnelles différentes. Connaissance des procédures et description des pratiques professionnelles. Observer si possible
A41: 24 | B41: En cas d'utilisation de pot / gobelet / cupule propre, le contenant doit prévenir tout risque lié à l'identitovigilance : identification sur le godet et non sur le couvercle du nom, prénom, date de naissance du résident…(pour éviter les erreurs d'identification par échange accidentel de couvercles) En cas de contenant réutilisable, les modalités de nettoyage entre chaque utilisation sont définies | C41: 3.6.2 - Les professionnels respectent la sécurisation du circuit du médicament | D41: Cadre/IDE/Pharmacien… | E41: Interroger minimum 2 catégories socio-professionnelles différentes. Connaissance des procédures et description des pratiques professionnelles. Observer si possible
A42: 25 | B42: Les dimensions du tiroir ou pilulier sont adaptées au volume des produits et au moment de la prise | C42: 3.6.2 - Les professionnels respectent la sécurisation du circuit du médicament | D42: Cadre/IDE/Pharmacien… | E42: Observer
A43: 26 | B43: Les tiroirs sont visuellement propres (nettoyage organisé) | C43: 3.6.2 - Les professionnels respectent la sécurisation du circuit du médicament | D43: Cadre/IDE/Pharmacien… | E43: Observer
A44: 27 | B44: A l'intérieur du tiroir ou pilulier, tous les médicaments sont identifiables INDIVIDUELLEMENT (nom du médicament, dosage, numéro de lot, date de péremption…) | C44: 3.6.2 - Les professionnels respectent la sécurisation du circuit du médicament | D44: Cadre/IDE/Pharmacien… | E44: Observer
A45: 28 | B45: Les médicaments en "si besoin" sont rangés : - dans le casier nominatif de chaque résident - et éventuellement dans le chariot d'administration ; chaque boite est identifiée avec nom, prénom et date de naissance du résident de manière à éviter les confusions de médicaments et de dosage | C45: 3.6.2 - Les professionnels respectent la sécurisation du circuit du médicament | D45: Cadre/IDE/Pharmacien… | E45: Interroger minimum 2 catégories socio-professionnelles différentes. Connaissance des procédures et description des pratiques professionnelles. Observer si possible
A46: 29 | B46: En cas de modification d'un traitement (remplacement, suppression), le médicament concerné est immédiatement (et avant la prise suivante) remplacé ou retiré du pilulier du résident | C46: 3.6.2 - Les professionnels respectent la sécurisation du circuit du médicament | D46: Cadre/IDE/Pharmacien… | E46: Interroger minimum 2 catégories socio-professionnelles différentes. Connaissance des procédures et description des pratiques professionnelles. Observer si possible
... A65: 48 | B65: Dans le cas où le patient est autonome, les IDE, médecins ou le pharmacien lui expliquent le traitement, les consignes particulières de prises (avant, pendant, après le repas...) et s'assurent de sa compréhension | C65: 1.15.4 - La personne est actrice de ses choix sur son accompagnement en santé, la stratégie thérapeutique et les soins qui lui sont proposés | D65: Cadre/IDE/AS/Médecin/Pharmacien | E65: Interroger minimum 2 catégories socio-professionnelles différentes. Connaissance des procédures et description des pratiques professionnelles. Observer si possible
A66: Stockage
A67: 49 | B67: Les médicaments sont détenus dans des locaux (armoires ou autres dispositifs de rangement) fermés à clé ou disposant d'un mode de fermeture assurant la même sécurité avec accès uniquement aux personnes habilitées | C67: 3.6.2 - Les professionnels respectent la sécurisation du circuit du médicament | D67: Cadre/IDE/Pharmacien/Réf Qualité… | E67: Observer
A68: 50 | B68: En dehors des piluliers et de la dotation, le stockage des médicaments des résidents est nominatif (tous les traitements d'un résident sont rangés ensemble) | C68: 3.6.2 - Les professionnels respectent la sécurisation du circuit du médicament | D68: Cadre/IDE/Pharmacien/Réf Qualité… | E68: Observer
A69: 51 | B69: Dans votre établissement, le réfrigérateur est dédié au rangement des médicaments (pas de nourriture, prélèvements biologiques) avec traçabilité du nettoyage et de suivi de température au moins quotidien | C69: 3.6.2 - Les professionnels respectent la sécurisation du circuit du médicament | D69: Cadre/IDE/AS/Pharmacien/Réf Qualité… | E69: Observer : le rangement est conforme : pas de stockage contre les parois ou le fond du réfrigérateur (risque de givrage), ni dans le bac à légumes ou compartiment à beurre (plus chaud)
A70: 52 | B70: Votre établissement dispose d'un document décrivant la procédure à mettre en œuvre si la température du réfrigérateur n'est pas comprise entre +2°C et +8°C, incluant l'obligation de prévenir systématiquement le pharmacien | C70: 3.6.1 - L'ESSMS définit sa stratégie de gestion du risque médicamenteux et s'assure de sa mise en œuvre | D70: Cadre/IDE/AS/Pharmacien/Réf Qualité… | E70: Observer
A71: 53 | B71: Le principe de rangement des médicaments permet d'éloigner physiquement les médicaments à risque de confusion | C71: 3.6.2 - Les professionnels respectent la sécurisation du circuit du médicament | D71: Cadre/IDE/Pharmacien/Réf Qualité… | E71: Observer
A72: 54 | B72: Les médicaments stupéfiants sont conservés dans un dispositif de rangement (armoire ou coffre sécurisé) : - séparé et banalisé - fermé à clé après chaque utilisation - réservé à cet usage | C72: 3.6.2 - Les professionnels respectent la sécurisation du circuit du médicament | D72: Cadre/IDE/Pharmacien/Réf Qualité… | E72: Observer
A73: 55 | B73: Toute sortie de stock de médicaments stupéfiants sur la dotation pour besoins urgents est régularisée par une ordonnance nominative. Pour chaque résident, une comptabilité individuelle, à l'unité, de réception/administration/retour pharmacie des stupéfiants doit être tenue | C73: 3.6.2 - Les professionnels respectent la sécurisation du circuit du médicament | D73: Cadre/IDE/Pharmacien/Réf Qualité… | E73: Observer
A74: 56 | B74: Les bouteilles d'oxygène au sein de l'établissement sont détenues dans un local identifié, aéré et loin de toute source de chaleur et sont arrimées et en position verticale | C74: 3.6.2 - Les professionnels respectent la sécurisation du circuit du médicament | D74: Cadre/IDE/Pharmacien/Réf Qualité… | E74: Observer
A75: 57 | B75: Les médicaments pour besoins urgents sont : - séparés des médicaments des résidents - accessibles rapidement en cas de besoin uniquement par les IDE, cadre soignant, médecin coordonnateur, pharmacien | C75: 3.6.2 - Les professionnels respectent la sécurisation du circuit du médicament | D75: Cadre/IDE/Pharmacien/Réf Qualité… | E75: Observer
A76: 58 | B76: Le stock de médicaments pour besoins urgents de l'établissement a fait l'objet d'une dotation qualitative et quantitative, définie par le médecin coordonnateur et révisée au moins une fois par an. La gestion des stocks et des périmés est organisée et tracée | C76: 3.6.2 - Les professionnels respectent la sécurisation du circuit du médicament | D76: Cadre/IDE/Pharmacien/Réf Qualité… | E76: Interroger minimum 2 catégories socio-professionnelles différentes. Connaissance des procédures et description des pratiques professionnelles. Observer
A77: 59 | B77: Les professionnels ont été formés aux enjeux sécuritaires, environnementaux et économiques de l'élimination des médicaments non utilisés | C77: 3.6.1 - L'ESSMS définit sa stratégie de gestion du risque médicamenteux et s'assure de sa mise en œuvre 3.6.2 - Les professionnels respectent la sécurisation du circuit du médicament | D77: Cadre/IDE/AS/Pharmacien/Réf Qualité… | E77: Interroger minimum 2 catégories socio-professionnelles différentes. Connaissance des procédures et description des pratiques professionnelles. Observer
A78: 60 | B78: Tous les médicaments non administrés hors dotation pour besoins urgents sont systématiquement retournés à la pharmacie (pas de surstock) | C78: 3.6.2 - Les professionnels respectent la sécurisation du circuit du médicament | D78: Cadre/IDE/Pharmacien… | E78: Interroger minimum 2 catégories socio-professionnelles différentes. Connaissance des procédures et description des pratiques professionnelles. Observer
... A85: 67 | B85: Un chariot ou trousse ou sac d'urgence vitale est conforme à la réglementation | C85: 3.6.2 - Les professionnels respectent la sécurisation du circuit du médicament | D85: Cadre/IDE/Médecin | E85: Le chariot, sac ou trousse est : - gardé dans un endroit connu et accessible par tout le personnel mais non accessible aux résidents - scellé - la liste des médicaments et dispositifs médicaux du chariot d’urgence est établie, ajustée, validée (=signée par le médecin coordonnateur), tenue à disposition dans une pochette placée à l’extérieur du chariot - cette liste précise également l’emplacement des médicaments et dispositifs d'urgence qui ne se trouvent pas dans le chariot (par exemple les médicaments au réfrigérateur) - le contenu du chariot d’urgence est vérifié selon une périodicité définie (1 fois par mois recommandé) pour contrôler quantité, péremption et bon fonctionnement des appareils - lors de toute utilisation ou retrait pour péremption, nouvelle prescription médicale rédigée par le médecin pour réassort

Sheet Résultats
B9: RESULTAT PAR ONGLET
B11: AUDIT FLASH | C11: % d'avancement de la démarche d'amélioration | G11: AUDIT DOSSIERS | H11: % de conformité | J11: AUDIT TERRAIN | K11: % de conformité
B12: Date de réalisation de l'audit flash | C12: ='Audit flash'!$E10 -> ../../…. | D12: ='Audit flash'!$F10 -> ../../…. | E12: ='Audit flash'!$G10 -> ../../…. | G12: Moyenne globale | H12: ='Fichier analyses'!$S3 -> NC | J12: Stratégie de la PECM | K12: ='Fichier analyses'!$Y3 -> NC
B13: Résultat de l'audit flash | C13: ='Fichier analyses'!$G3 -> NC | D13: ='Fichier analyses'!$H5 -> NC | E13: ='Fichier analyses'!$I3 -> NC | J13: Evènements indésirables | K13: ='Fichier analyses'!$Y5 -> NC
B14: Stratégie et enjeux de la sécurisation de la PECM | C14: ='Fichier analyses'!$G5 -> NC | D14: ='Fichier analyses'!$H5 -> NC | E14: ='Fichier analyses'!$I5 -> NC | J14: Protocoles / Procédures | K14: ='Fichier analyses'!$Y10 -> NC
B15: Evènements indésirables | C15: ='Fichier analyses'!$G20 -> NC | D15: ='Fichier analyses'!$H20 -> NC | E15: ='Fichier analyses'!$I20 -> NC | J15: Projet d'accompagnement | K15: ='Fichier analyses'!$Y14 -> NC
B16: Protocoles / Procédures | C16: ='Fichier analyses'!$G26 -> NC | D16: ='Fichier analyses'!$H26 -> NC | E16: ='Fichier analyses'!$I26 -> NC | J16: Mise en œuvre de la PECM | K16: ='Fichier analyses'!$Y18 -> NC
B17: Formation / Information | C17: ='Fichier analyses'!$G33 -> NC | D17: ='Fichier analyses'!$H33 -> NC | E17: ='Fichier analyses'!$I33 -> NC | J17: Prescription / Dispensation | K17: ='Fichier analyses'!$Y19 -> NC
J18: Préparation / Administration | K18: ='Fichier analyses'!$Y27 -> NC
J19: Stockage | K19: ='Fichier analyses'!$Y59 -> NC
B21: RESULTAT GLOBAL
B23: Stratégie de la PECM | C23: ='Fichier analyses'!$AF3 -> NC
B24: Stratégie et enjeux de la sécurisation de la PECM | C24: ='Fichier analyses'!$AF5 -> NC
B25: Evènements indésirables | C25: ='Fichier analyses'!$AF20 -> NC
B26: Protocoles / procédures | C26: ='Fichier analyses'!$AF30 -> NC
B27: Projet d'accompagnement | C27: ='Fichier analyses'!$AF40 -> NC
B28: Formation / Information | C28: ='Fichier analyses'!$AF44 -> NC
B30: Mise en œuvre de la PECM | C30: ='Fichier analyses'!$AF48 -> NC
B31: Prescription / Dispensation | C31: ='Fichier analyses'!AF49 -> NC
B32: Préparation / Administration | C32: ='Fichier analyses'!AF69 -> NC
B33: Surveillance | C33: ='Fichier analyses'!AF101 -> NC
B34: Stockage | C34: ='Fichier analyses'!AF105 -> NC
B36: LIEN AVEC LES CRITERES DU NOUVEAU REFERENTIEL
B37: (Critères impératifs indiqués en jaune)
B38: Thématique : Accompagnement à l'autonomie
B40: Objectif 1.12 - La personne bénéficie d'un accompagnement favorisant son autonomie | K40: ='Fichier analyses'!$AM3 -> NC
B41: CRIT 1.12.2 – Les professionnels évaluent régulièrement les besoins de la personne accompagnée pour favoriser ou préserver son autonomie | K41: ='Fichier analyses'!$AM4 -> NC
B43: Thématique : Accompagnement à la santé
B45: Objectif 1.14 - La personne bénéficie d'un accompagnement en matière de prévention et d'éducation à la santé | K45: ='Fichier analyses'!$AM7 -> NC
B46: CRIT 1.14.2 – Les professionnels évaluent les besoins de la personne accompagnée en matière de prévention et d'éducation à la santé | K46: ='Fichier analyses'!$AM8 -> NC
B47: Objectif 1.15 - La personne est actrice de ses choix sur son accompagnement en santé, la stratégie thérapeutique et les soins qui lui sont proposés | K47: ='Fichier analyses'!$AM10 -> NC
B48: CRIT 1.15.4 – La personne accompagnée est associée à la gestion de son traitement médicamenteux pour favoriser sa compréhension et son adhésion et s’assurer de sa continuité | K48: ='Fichier analyses'!$AM11 -> NC
B49: CRIT 1.15.6 – Les professionnels repèrent de manière précoce les risques en santé pour la personne accompagnée et alertent les personnes ressources | K49: ='Fichier analyses'!$AM15 -> NC
B50: CRIT 1.15.7 – Les professionnels tiennent compte du rapport bénéfice/risque pour proposer des modalités d'accompagnement adaptées à la santé de la personne | K50: ='Fichier analyses'!$AM17 -> NC
B51: Objectif 1.16 - La personne accompagnée bénéficie d'une prise en charge de ses douleurs | K51: ='Fichier analyses'!$AM22 -> NC
B52: CRIT 1.16.1 – La personne s’exprime sur la manière dont sont prises en charge ses douleurs tout au long de son accompagnement | K52: ='Fichier analyses'!$AM23 -> NC
B53: CRIT 1.16.2 – Les professionnels repèrent et/ou évaluent régulièrement et tracent les douleurs de la personne accompagnée selon des modalités adaptées | K53: ='Fichier analyses'!$AM25 -> NC
B54: CRIT 1.16.3 - Les professionnels recueillent, auprès de l’entourage, des informations sur les manifestations habituelles des douleurs chez la personne accompagnée | K54: ='Fichier analyses'!$AM27 -> NC
B55: CRIT 1.16.4 – Les professionnels coconstruisent avec la personne accompagnée, la stratégie de prise en charge de la douleur | K55: ='Fichier analyses'!$AM29 -> NC
B56: CRIT 1.16.5 – Les professionnels alertent et/ou mobilisent tous les moyens nécessaires pour soulager la douleur de la personne accompagnée | K56: ='Fichier analyses'!$AM31 -> NC
B57: CRIT 3.6.1 – L’ESSMS définit sa stratégie de gestion du risque médicamenteux et s’assure de sa mise en œuvre | K57: ='Fichier analyses'!$AM39 -> NC
B58: CRIT 3.6.2 – Les professionnels respectent la sécurisation du circuit du médicament (critère impératif) | K58: ='Fichier analyses'!$AM67 -> NC
B59: CRIT 3.6.3 – Les professionnels accompagnent les personnes dans la continuité de leur prise en charge médicamenteuse | K59: ='Fichier analyses'!$AM151 -> NC
B60: CRIT 3.6.4 – Les professionnels alertent en cas de risque lié à la prise en charge médicamenteuse, dont la iatrogénie | K60: ='Fichier analyses'!$AM155 -> NC
B61: CRIT 3.6.5 – Les professionnels sont régulièrement sensibilisés et/ou formés à la prévention et à la gestion du risque médicamenteux | K61: ='Fichier analyses'!$AM157 -> NC
B63: Thématique : Coconstruction et personnalisation du projet d'accompagnement
B65: Objectif 2.4 - Les professionnels adaptent avec la personne son projet d'accompagnement au regard des risques auxquels elle est confrontée | K65: ='Fichier analyses'!$AM33 -> NC
B66: CRIT 2.4.4 – Les professionnels adaptent le projet d'accompagnement aux risques de dénutrition, malnutrition et/ou des troubles de la déglutition auxquels la personne est confrontée | K66: ='Fichier analyses'!$AM34 -> NC
B68: Thématique : Politique ressources humaines
B70: Objectif 3.8 - L'ESSMS définit et déploie une politique ressources humaines au service de sa stratégie et de la qualité de l'accompagnement | K70: ='Fichier analyses'!$AM159 -> NC
B71: CRIT 3.8.2 – L'ESSMS met en œuvre un processus d'accueil et d'intégration des nouveaux professionnels et intervenants | K71: ='Fichier analyses'!$AM160 -> NC
B72: CRIT 3.8.6 – Les professionnels sont régulièrement sensibilisés et/ou formés au RBPP, procédures et références spécifiques à leur cadre d'intervention | K72: ='Fichier analyses'!$AM162 -> NC
B74: Thématique : Démarche qualité et gestion des risques
B76: Objectif 3.13 - L'ESSMS assure le recueil et le traitement des évènements indésirables | K76: ='Fichier analyses'!$AM165 -> NC
B77: CRIT 3.13.1 – L’ESSMS organise le recueil et le traitement des évènements indésirables (critère impératif) | K77: ='Fichier analyses'!$AM166 -> NC
B78: CRIT 3.13.2 – L’ESSMS communique sur le traitement des évènements indésirables auprès des parties prenantes (critère impératif) | K78: ='Fichier analyses'!$AM171 -> NC
B79: CRIT 3.13.3 – Les professionnels déclarent et analysent en équipe les évènements indésirables et mettent en place des actions correctives (critère impératif) | K79: ='Fichier analyses'!$AM174 -> NC
B80: CRIT 3.13.4 – Les professionnels sont régulièrement sensibilisés et/ou formés à la gestion des évènements indésirables | K80: ='Fichier analyses'!$AM177 -> NC
B81: Objectif 3.15 - L'ESSMS s'inscrit dans une dynamique d'innovation et d'évolution sociétale | K81: ='Fichier analyses'!$AM180 -> NC
B82: CRIT 3.15.2 – L'ESSMS définit et déploie sa stratégie numérique | K82: ='Fichier analyses'!$AM181 -> NC
B84: SYNTHESE

Sheet Plan d'actions
I1: Non commencée
I2: En cours
I3: Décalée
I4: Clos
A8: N° | B8: LIBELLE | C8: COTATION | D8: ACTIONS D'AMELIORATIONS | E8: PILOTE | F8: ECHEANCE | G8: STATUT DE L'ACTION
A10: AUDIT FLASH
A12: Stratégie de la prise en charge médicamenteuse (PECM)
A13: Stratégie et enjeux de la sécurisation de la prise en charge médicamenteuse (PECM)
A14: ='Audit flash'!A12 -> 1 | B14: ='Audit flash'!B12 -> Une politique qualité et sécurité de la prise en charge médicamenteuse est validée dans le projet d'établissement | C14: ='Fichier analyses'!J6 -> NC
A15: ='Audit flash'!A13 -> 2 | B15: ='Audit flash'!B13 -> L'organisation du circuit du médicament est abordée dans le cadre du conseil de la vie sociale | C15: ='Fichier analyses'!J7 -> NC
A16: ='Audit flash'!A14 -> 3 | B16: ='Audit flash'!B14 -> Il existe un référent PECM identifié et connu au sein de l'établissement | C16: ='Fichier analyses'!J8 -> NC
A17: ='Audit flash'!A15 -> 4 | B17: ='Audit flash'!B15 -> L'établissement a communiqué en interne sur les enjeux de la sécurisation de la PECM et les risques d'erreurs médicamenteuses | C17: ='Fichier analyses'!J9 -> NC
A18: ='Audit flash'!A16 -> 5 | B18: ='Audit flash'!B16 -> L'établissement a schématisé les étapes du circuit du médicament. Ce schéma est à jour et est facilement consultable par tous | C18: ='Fichier analyses'!J10 -> NC
A19: ='Audit flash'!A17 -> 6 | B19: ='Audit flash'!B17 -> L'établissement a constitué et réuni un comité PECM | C19: ='Fichier analyses'!J11 -> NC
A20: ='Audit flash'!A18 -> 7 | B20: ='Audit flash'!B18 -> Le médecin coordonnateur, en lien avec le pharmacien référent, définit les objectifs spécifiques à votre établissement pour améliorer certaines pratiques de prescription (médicament potentiellement inapproprié comme IPP, psychotropes..., adaptation de posologie /forme galénique…) | C20: ='Fichier analyses'!J12 -> NC
A21: ='Audit flash'!A19 -> 8 | B21: ='Audit flash'!B19 -> L'établissement réalise une évaluation de la PECM avec une périodicité définie | C21: ='Fichier analyses'!J13 -> NC
A22: ='Audit flash'!A20 -> 9 | B22: ='Audit flash'!B20 -> Un plan d'action personnalisé est mis en place à la suite d'un auto-diagnostic, de l'analyse des évènements indésirables et des situations à risque | C22: ='Fichier analyses'!J14 -> NC
A23: ='Audit flash'!A21 -> 10 | B23: ='Audit flash'!B21 -> Les résidents présentant des risques dans la prise en charge médicamenteuse sont identifiés | C23: ='Fichier analyses'!J15 -> NC
A24: ='Audit flash'!A22 -> 11 | B24: ='Audit flash'!B22 -> Les professionnels dans votre établissement ont coconstruit la stratégie de prise en charge de la douleur des personnes accompagnées avec une réévaluation régulière | C24: ='Fichier analyses'!J16 -> NC
A25: ='Audit flash'!A23 -> 12 | B25: ='Audit flash'!B23 -> Vous avez identifié dans votre établissement des médicaments "à risque" (anticoagulant, insuline, médicament stupéfiant ou assimilé stupéfiant (ex: Morphine, Oxycodone, Fentanyl, Midazolam…) et mis en place des dispositions spécifiques de gestion / préparation / administration | C25: ='Fichier analyses'!J17 -> NC
... A27: ='Audit flash'!A25 -> 14 | B27: ='Audit flash'!B25 -> Pour les établissements sans pharmacie à usage interne (PUI), une convention existe entre votre établissement et la pharmacie d'officine. Pour les établissements avec PUI, une procédure définit les liens organisationnels avec la PUI | C27: ='Fichier analyses'!J19 -> NC
A28: ='Audit flash'!A26 -> Evènements indésirables
A29: ='Audit flash'!A27 -> 15 | B29: ='Audit flash'!B27 -> Une fiche de signalement des évènements indésirables médicamenteux est à disposition des professionnels | C29: ='Fichier analyses'!J21 -> NC
A30: ='Audit flash'!A28 -> 16 | B30: ='Audit flash'!B28 -> L'équipe soignante est sensibilisée et incitée à signaler les évènements indésirables liés aux médicaments ou dispositifs médicaux. Une procédure existe, est connue et facilement consultable. Une charte d'incitation à la déclaration ou document équivalent existe | C30: ='Fichier analyses'!J22 -> NC
A31: ='Audit flash'!A29 -> 17 | B31: ='Audit flash'!B29 -> Une analyse collective des évènements indésirables est organisée. Un plan d'action avec pilote, suivi et délai est mis en place | C31: ='Fichier analyses'!J23 -> NC
A32: ='Audit flash'!A30 -> 18 | B32: ='Audit flash'!B30 -> Une communication sur le traitement des évènements indésirables est organisée | C32: ='Fichier analyses'!J24 -> NC
A33: ='Audit flash'!A31 -> 19 | B33: ='Audit flash'!B31 -> Les évènements indésirables graves médicamenteux sont signalés sur le portail national | C33: ='Fichier analyses'!J25 -> NC
A34: ='Audit flash'!A32 -> Protocoles / procédures
A35: ='Audit flash'!A33 -> 20 | B35: ='Audit flash'!B33 -> Il existe une procédure générale et des protocoles sur l'ensemble du processus de prise en charge médicamenteuse définissant les responsabilités de chacun, actualisés/revalidés régulièrement autant que besoin. Il existe une procédure sur les pratiques en terme de distribution, d'administration, d'aide à la prise et de surveillance des résidents. Ces documents sont accessibles et connus par les équipes médicales et soignantes. | C35: ='Fichier analyses'!J27 -> NC
A36: ='Audit flash'!A34 -> 21 | B36: ='Audit flash'!B34 -> Un protocole décrit la conduite à tenir en cas d'impossibilité d'accéder au logiciel informatique de soins ou de prescriptions (panne informatique, panne réseau…) | C36: ='Fichier analyses'!J28 -> NC
A37: ='Audit flash'!A35 -> 22 | B37: ='Audit flash'!B35 -> Une liste préférentielle des médicaments est élaborée (liste des médicaments à utiliser préférentiellement, par classes pharmaco-thérapeutiques) et connue par les médecins traitants et l'équipe soignante | C37: ='Fichier analyses'!J29 -> NC
A38: ='Audit flash'!A36 -> 23 | B38: ='Audit flash'!B36 -> La réévaluation pluriprofessionnelle des traitements est organisée est fait l'objet d'un protocole écrit | C38: ='Fichier analyses'!J30 -> NC
A39: ='Audit flash'!A37 -> 24 | B39: ='Audit flash'!B37 -> Des actions sont mises en œuvre pour éviter tout risque de retranscription lors de la prescription à l'administration | C39: ='Fichier analyses'!J31 -> NC
A40: ='Audit flash'!A38 -> 25 | B40: ='Audit flash'!B38 -> Une procédure sur le stockage des médicaments existe. Les péremptions sont régulièrement vérifiées. | C40: ='Fichier analyses'!J32 -> NC
A41: ='Audit flash'!A39 -> Formation / Information
A42: ='Audit flash'!A40 -> 26 | B42: ='Audit flash'!B40 -> Les modalités de la prise en charge médicamenteuse de votre établissement sont expliquées lors de l'accueil d'un nouveau professionnel ou médecins traitants / intervenants remplaçants | C42: ='Fichier analyses'!J34 -> NC
A43: ='Audit flash'!A41 -> 27 | B43: ='Audit flash'!B41 -> L'établissement organise des formations et sensibilisations portant sur la sécurisation du circuit du médicament, y compris iatrogénie, identitovigilance et prise en charge de la douleur | C43: ='Fichier analyses'!J35 -> NC
A44: ='Audit flash'!A42 -> 28 | B44: ='Audit flash'!B42 -> Les professionnels alertent les personnes-ressources en cas de risque identifié. Les professionnels surveillent les signes de non-observance et de iatrogénie médicamenteuse chez les personnes accompagnées. Une traçabilité et/ou une communication particulière vers le prescripteur est faite systématiquement | C44: ='Fichier analyses'!J36 -> NC
A47: AUDIT DOSSIERS
A49: ='Audit dossiers'!A9:G9 -> Dossier médical/Prescription/Traçabilité
A50: ='Audit dossiers'!A10 -> 1 | B50: ='Audit dossiers'!B10 -> Toutes les prescriptions sont retrouvées sur un support unique prescription/aministration pour l'ensemble du traitement, sans retranscription | C50: ='Fichier analyses'!Q6 -> NC
A51: ='Audit dossiers'!A11 -> 2 | B51: ='Audit dossiers'!B11 -> Une évaluation gériatrique standardisée est systématiquement réalisée à l'entrée et réévaluée | C51: ='Fichier analyses'!Q7 -> NC
A52: ='Audit dossiers'!A12 -> 3 | B52: ='Audit dossiers'!B12 -> Les allergies éventuelles à des médicaments des résidents sont systématiquement mentionnées dans son dossier | C52: ='Fichier analyses'!Q8 -> NC
A53: ='Audit dossiers'!A13 -> 4 | B53: ='Audit dossiers'!B13 -> Le poids du résident est mesuré et indiqué dans le dossier du résident à l'entrée de celui-ci. Il est réévalué et indiqué dans le dossier régulièrement (au moins tous les 3 mois) | C53: ='Fichier analyses'!Q9 -> NC
A54: ='Audit dossiers'!A14 -> 5 | B54: ='Audit dossiers'!B14 -> La fonction rénale du résident est évaluée au moins une fois par an et notée dans son dossier | C54: ='Fichier analyses'!Q10 -> NC
A55: ='Audit dossiers'!A15 -> 6 | B55: ='Audit dossiers'!B15 -> Les prescriptions sont intégralement conformes aux bonnes pratiques (datées, lisibles, signées, identification du médecin et du résident, dosages, posologies, conditions d'administration, durées, voie d'administration pour les injectables) | C55: ='Fichier analyses'!Q11 -> NC
A56: ='Audit dossiers'!A16 -> 7 | B56: ='Audit dossiers'!B16 -> La prescription se fait préférentiellement en dénomination commune internationale (DCI). Lorsque la prescription mentionne les noms de spécialités, la DCI doit être aussi systématiquement indiquée | C56: ='Fichier analyses'!Q12 -> NC
A57: ='Audit dossiers'!A17 -> 8 | B57: ='Audit dossiers'!B17 -> Les prescriptions conditionnelles (si besoin) (exemples : antalgiques, antipsychotiques, etc.) détaillent clairement les modalités de prise, comportent une durée maximale de traitement, stipulent le nombre maximal d'administration par période de 24h avec l'intervalle temporel entre deux prises consécutives | C57: ='Fichier analyses'!Q13 -> NC
A58: ='Audit dossiers'!A18 -> 9 | B58: ='Audit dossiers'!B18 -> Les modalités de dilution des médicaments injectables (nature et volume du véhicule) sont prescrites ou renvoient à un protocole validé par l'établissement | C58: ='Fichier analyses'!Q14 -> NC
A59: ='Audit dossiers'!A19 -> 10 | B59: ='Audit dossiers'!B19 -> Des réévaluations régulières des traitements médicamenteux des résidents sont effectuées en pluriprofessionnalité (médecin coordonnateur, médecins traitants, pharmacien référent, infirmières etc.) et sont tracées dans le dossier médical ou dossier de soins (au moins une fois/an) | C59: ='Fichier analyses'!Q15 -> NC
A60: ='Audit dossiers'!A20 -> 11 | B60: ='Audit dossiers'!B20 -> Les prescriptions nominatives de médicaments stupéfiants sont réalisées sur des ordonnances sécurisées (Pour chaque médicament soumis à la réglementation des stupéfiants, le LAP imprime la posologie en unité de prise après l'avoir traduite en toutes lettres) Référentiel fonctionnel de certification des logiciels hospitaliers d'aide à la prescription, validé par le Collège le 6 mai 2021 / Référentiel fonctionnel de certification des logiciels d'aide à la prescription en médecine ambulatoire, validé par le Collège le 25 mars 2021 | C60: ='Fichier analyses'!Q16 -> NC
A61: ='Audit dossiers'!A21 -> 12 | B61: ='Audit dossiers'!B21 -> La traçabilité des prises/administrations est conforme : le nombre de prises théoriques de la prescription, sur l'ensemble des jours de la semaine, est égal au nombre de prises réelles ou de non prises traçées dans le dossier | C61: ='Fichier analyses'!Q17 -> NC
A62: ='Audit dossiers'!A22 -> Coordination entre les partenaires/ Continuité de la prise en charge
A63: ='Audit dossiers'!A23 -> 13 | B63: ='Audit dossiers'!B23 -> En cas d'hospitalisation, il existe une fiche de liaison et/ou un dossier de liaison d'urgence (DLU) permettant notamment d'assurer la continuité de la prise en charge médicamenteuse | C63: ='Fichier analyses'!Q19 -> NC
A64: ='Audit dossiers'!A24 -> 14 | B64: ='Audit dossiers'!B24 -> Lors d'un retour d'hospitalisation, une confrontation de son traitement avant et au retour dans l'établissement est effectuée (pharmacien référent, médecin, infirmier). Toute modification est tracée dans le dossier du résident | C64: ='Fichier analyses'!Q20 -> NC
A65: ='Audit dossiers'!A25 -> Prise en charge par antipsychotique
A66: ='Audit dossiers'!A26 -> 15 | B66: ='Audit dossiers'!B26 -> Une surveillance des effets indésirables (clinique, paraclinique et biologique) est mise en œuvre, adaptée aux facteurs de risque/molécule, et tracée dans le dossier (exemples de paramètres à suivre : ECG, pression artérielle, ionogramme sanguin, bilan hépatique, bilan rénal, bilan lipidique, NFS, plaquettes, transit, appétit...) | C66: ='Fichier analyses'!Q22 -> NC
A67: ='Audit dossiers'!A27 -> 16 | B67: ='Audit dossiers'!B27 -> En cas d'utilisation de l'antipsychotique dans le cadre de troubles psycho-comportementaux chez la personne atteinte de syndrome démentiel, la recherche de facteurs déclenchants a été faite, en amont de la prescription et est tracée dans le dossier. | C67: ='Fichier analyses'!Q23 -> NC
A68: ='Audit dossiers'!A28 -> 17 | B68: ='Audit dossiers'!B28 -> En cas d'utilisation de l'antipsychotique dans le cadre de troubles psycho-comportementaux chez la personne atteinte de syndrome démentiel, des mesures non pharmacologiques ont été entreprises, avant la prescription | C68: ='Fichier analyses'!Q24 -> NC
A69: ='Audit dossiers'!A29 -> 18 | B69: ='Audit dossiers'!B29 -> En cas d'utilisation de l'antipsychotique dans le cadre de troubles psycho-comportementaux chez la personne atteinte de syndrome démentiel, une déprescription de l'antipsychotique est programmée et tracée dans le dossier. | C69: ='Fichier analyses'!Q25 -> NC
A70: Prise en charge par benzodiazépine hypnotique/anxiolytique
A71: ='Audit dossiers'!A31 -> 19 | B71: ='Audit dossiers'!B31 -> En cas de traitement débuté au moins depuis 90 jours, une déprescription a été tentée ou est programmée, et tracée dans le dossier | C71: ='Fichier analyses'!Q27 -> NC
A72: Prise en charge par inhibiteur de la pompe à protons
A73: ='Audit dossiers'!A33 -> 20 | B73: ='Audit dossiers'!B33 -> En cas de traitement par IPP > 8 semaines, l'indication de l'IPP au long cours est justifiée dans le dossier du résident (oesophagite sévère, œsophage de Barett, sténose peptique, antécédents d'ulcères compliqués et prévention des récidives chez les patients fragiles (hors Helicobacter Pylori), Syndrome de Zollinger Ellison, utilisation chronique d'AINS chez les patients de plus de 65 ans et RGO si rechutes fréquentes ou précoces) | C73: ='Fichier analyses'!Q29 -> NC
A74: ='Audit dossiers'!A34 -> 21 | B74: ='Audit dossiers'!B34 -> En cas de traitement par IPP > 8 semaines, dont l'indication au long cours n'est pas justifiée dans le dossier du résident ou lors d'une posologie inadaptée, la déprescription (arrêt ou diminution de dose) est en cours ou programmée | C74: ='Fichier analyses'!Q30 -> NC
A75: Surveillance
A76: ='Audit dossiers'!A36 -> 22 | B76: ='Audit dossiers'!B36 -> L'autonomie du résident est évaluée et tracée à son admission | C76: ='Fichier analyses'!Q32 -> NC
A77: ='Audit dossiers'!A37 -> 23 | B77: ='Audit dossiers'!B37 -> L'autonomie du résident pour prendre lui-même ses médicaments est tracée et réévaluée régulièrement | C77: ='Fichier analyses'!Q33 -> NC
A78: ='Audit dossiers'!A38 -> 24 | B78: ='Audit dossiers'!B38 -> Si le résident gère seul son traitement, les conditions de gestion, de détention des médicaments et des informations fournies au résident sont tracées dans son dossier | C78: ='Fichier analyses'!Q34 -> NC
A79: Prise en charge de la douleur
A80: ='Audit dossiers'!A40 -> 25 | B80: ='Audit dossiers'!B40 -> L’expression du résident sur sa douleur est favorisée tout au long de son accompagnement. Une traçabilité de la prise en compte de sa douleur est retrouvée dans son dossier | C80: ='Fichier analyses'!Q36 -> NC
A81: ='Audit dossiers'!A41 -> 26 | B81: ='Audit dossiers'!B41 -> Une évaluation de la douleur est systématiquement réalisée à l'entrée et réévaluée à l'aide d'une échelle validée et adaptée (échelle d'hétéro-évaluation : ECPA, algoplus, doloplus, DN4, échelle d'auto-évaluation : EVA, EVS, échelle numérique... ) | C81: ='Fichier analyses'!Q37 -> NC
A82: ='Audit dossiers'!A42 -> 27 | B82: ='Audit dossiers'!B42 -> Des techniques non médicamenteuses de gestion de la douleur sont recherchées à l'initiation du traitement et lors des réévaluations régulières (position fauteuil, kinésithérapie, TENS, etc.) | C82: ='Fichier analyses'!Q38 -> NC
A83: ='Audit dossiers'!A43 -> 28 | B83: ='Audit dossiers'!B43 -> Avant toute prise/administration d'une prescription conditionnelle d'antalgique, une évaluation de la douleur à l'aide d'une échelle validée et adaptée, est réalisée et tracée dans le dossier | C83: ='Fichier analyses'!Q39 -> NC
A84: ='Audit dossiers'!A44 -> 29 | B84: ='Audit dossiers'!B44 -> Les intervalles de temps entre les doses d'antalgiques ainsi que les doses maximales sont respectés sur la prescription (exemple : paracétamol 500 mg à 1 g toutes les 4 à 6h) | C84: ='Fichier analyses'!Q40 -> NC
A85: ='Audit dossiers'!A45 -> 30 | B85: ='Audit dossiers'!B45 -> La prescription d'antalgique opioïde est associée à la prescription systématique d'un laxatif, pendant toute la durée du traitement | C85: ='Fichier analyses'!Q41 -> NC
A86: Prise en charge des troubles de la déglutition
A87: ='Audit dossiers'!A47 -> 31 | B87: ='Audit dossiers'!B47 -> Une recherche de difficultés de déglutition, est réalisée sur signes d'appel, par un professionnel habilité/formé au dépistage des troubles de la déglutition (orthophoniste, ORL, ergothérapeute, kiné, etc.). Les éventuels troubles de déglutition du résident sont indiqués dans son dossier | C87: ='Fichier analyses'!Q43 -> NC
A88: ='Audit dossiers'!A48 -> 32 | B88: ='Audit dossiers'!B48 -> Chez un résident présentant des troubles de la déglutition, la recherche d'alternatives galéniques (solution buvable, comprimé orodispersible, forme sublinguale) ou d'alternatives thérapeutiques est systématiquement réalisée | C88: ='Fichier analyses'!Q44 -> NC
A89: ='Audit dossiers'!A49 -> 33 | B89: ='Audit dossiers'!B49 -> L'acte d'écrasement des médicaments/ouverture des gélules est systématiquement prescrit | C89: ='Fichier analyses'!Q45 -> NC
A90: Prise en charge par anticoagulant oral direct (AOD)
A91: ='Audit dossiers'!A51 -> 34 | B91: ='Audit dossiers'!B51 -> L'indication du traitement par anticoagulant oral direct (AOD) et sa date d'introduction sont tracés dans le dossier du résident | C91: ='Fichier analyses'!Q47 -> NC
A92: ='Audit dossiers'!A52 -> 35 | B92: ='Audit dossiers'!B52 -> La posologie de l'anticoagulant oral direct (AOD) est adaptée au résident, selon les recommandations (cf guide de bon usage des anticoagulants à destination des professionnels de santé : https://www.omedit-normandie.fr/media-files/42806/guide-de-poche-anticoagulants-v18_07_2024.pdf) (poids, fonction rénale, âge...) | C92: ='Fichier analyses'!Q48 -> NC
A93: ='Audit dossiers'!A53 -> 36 | B93: ='Audit dossiers'!B53 -> Le traitement par anticoagulant oral direct est régulièrement (au moins une fois/an) réévalué (posologie, observance, associations médicamenteuses à risque : AINS, anti-agrégant plaquettaire…) et cette réévaluation est tracée dans le dossier du résident | C93: ='Fichier analyses'!Q49 -> NC
A95: AUDIT TERRAIN
A97: Stratégie de la prise en charge médicamenteuse (PECM)
A98: Evènements indésirables
A99: ='Audit terrain'!A11 -> 1 | B99: ='Audit terrain'!B11 -> Une fiche de déclaration d'évènement indésirable médicamenteux est connue des professionnels | C99: ='Fichier analyses'!V6 -> NC
A100: ='Audit terrain'!A12 -> 2 | B100: ='Audit terrain'!B12 -> Pour encourager la déclaration des erreurs médicamenteuses, la charte "d'incitation à la déclaration" est connue des professionnels | C100: ='Fichier analyses'!V7 -> NC
A101: ='Audit terrain'!A13 -> 3 | B101: ='Audit terrain'!B13 -> Des réunions d'analyses collectives sur les évènements indésirables sont organisées | C101: ='Fichier analyses'!V8 -> NC
A102: ='Audit terrain'!A14 -> 4 | B102: ='Audit terrain'!B14 -> Les professionnels ont connaissance des actions correctives décidées durant les réunions pluridisciplinaires d'analyse collective des évènements indésirables | C102: ='Fichier analyses'!V9 -> NC
A103: Protocoles / procédures
A104: ='Audit terrain'!A16 -> 5 | B104: ='Audit terrain'!B16 -> La procédure générale et les protocoles sur l'ensemble du processus de prise en charge médicamenteuse sont accessibles et connus par les équipes médicales et soignantes | C104: ='Fichier analyses'!V11 -> NC
A105: ='Audit terrain'!A17 -> 6 | B105: ='Audit terrain'!B17 -> Il existe une liste des médicaments préférentiels (Livret thérapeutique) définie en concertation avec le médecin coordonnateur, les médecins traitants et le pharmacien gérant de la PUI ou le pharmacien de l'officine ayant passé convention avec l'EHPAD | C105: ='Fichier analyses'!V12 -> NC
A106: ='Audit terrain'!A18 -> 7 | B106: ='Audit terrain'!B18 -> La convention avec la pharmacie d'officine, ou la procédure avec la PUI, correspond aux pratiques réelles | C106: ='Fichier analyses'!V13 -> NC
A107: Projet d'accompagnement
A108: ='Audit terrain'!A20 -> 8 | B108: ='Audit terrain'!B20 -> La personne accompagnée est associée à la gestion de son traitement médicamenteux | C108: ='Fichier analyses'!V15 -> NC
A109: ='Audit terrain'!A21 -> 9 | B109: ='Audit terrain'!B21 -> Lors de l'entrée du résident, ou lors du retour d'une hospitalisation intercurrente, les modifications du traitement (arrêt, substitution ou modification) réalisées à l'entrée du résident ou au cours de son hospitalisation sont expliquées au résident et/ou à la famille/entourage | C109: ='Fichier analyses'!V16 -> NC
A110: ='Audit terrain'!A22 -> 10 | B110: ='Audit terrain'!B22 -> Les résidents présentant des risques dans la prise en charge médicamenteuse sont identifiés | C110: ='Fichier analyses'!V17 -> NC
A112: Mise en œuvre de la PECM
...

Sheet Fichier analyses
A2: Onglet Audit flash | M2: Onglet Audit dossiers | U2: Onglet Audit terrain | AA2: Compilation 3 onglets | AH2: Critères du nouveau référentiel sur la PECM | AO2: Graphique Résultat Global "Sans NC"
A3: Stratégie de la PECM | F3: score global : | G3: {=IF(AND($B6:$B19="NC",$B21:$B25="NC",$B27:$B32="NC",$B34:$B36="NC"),"NC",SUM($B6:$B36)/SUMIF($B6:$B36,"<>NC",$E6:$E36))} -> NC | H3: {=IF(AND($C6:$C19="NC",$C21:$C25="NC",$C27:$C32="NC",$C34:$C36="NC"),"NC",SUM($C6:$C36)/SUMIF($C6:$C36,"<>NC",$E6:$E36))} -> NC | I3: {=IF(AND($D6:$D19="NC",$D21:$D25="NC",$D27:$D32="NC",$D34:$D36="NC"),"NC",SUM($D6:$D36)/SUMIF($D6:$D36,"<>NC",$E6:$E36))} -> NC | K3: {=IF(AND($J6:$J19="NC",$J21:$J25="NC",$J27:$J32="NC",$J34:$J36="NC"),"NC",SUM($J6:$J36)/SUMIF($J6:$J36,"<>NC",$E6:$E36))} -> NC | Q3: score global : | S3: {=IF(AND($Q6:$Q17="NC",$Q19:$Q20="NC",$Q27="NC",$Q29:$Q30="NC",$Q32:$Q34="NC",$Q36:$Q41="NC",$Q43:$Q45="NC",$Q47:$Q49="NC"),"NC",SUM($Q6:$Q49)/SUMIF($Q6:$Q49,"<>NC",$R6:$R49))} -> NC | U3: Stratégie de la PECM | X3: score global : | Y3: {=IF(AND($V6:$V9="NC",$V11:$V13="NC",$V15:$V17="NC"),"NC",SUM($V6:$V17)/SUMIF($V6:$V17,"<>NC",$W6:$W17))} -> NC | AA3: Stratégie de la PECM | AE3: score global : | AF3: {=IF(AND($AC6:$AC19="NC",$AC21:$AC29="NC",$AC31:$AC39="NC",$AC41:$AC43="NC",$AC45:$AC47="NC"),"NC",SUM($AC6:$AC47)/SUMIF($AC6:$AC47,"<>NC",$AD6:$AD47))} -> NC | AH3: Accompagnement à l'autonomie | AL3: score global : | AM3: {=IF(AND($AJ5:$AJ6="NC"),"NC",SUM($AJ5:$AJ6)/SUMIF($AJ5:$AJ6,"<>NC",$AK5:$AK6))} -> NC | AO3: Stratégie de la PECM | AQ3: =IF($AF3="NC","",$AF3)
B4: Flash 1 | C4: Flash 2 | D4: Flash 3 | E4: cot max | G4: Flash 1 | H4: Flash 2 | I4: Flash 3 | J4: Dernière réponse | N4: Oui | O4: Non | P4: NC | Q4: Moy des 3 dossiers | V4: cotation | W4: cot max | AC4: cotation | AD4: cot max | AH4: Crit 1.12.2 | AL4: score général : | AM4: {=IF(AND($AJ5:$AJ6="NC"),"NC",SUM($AJ5:$AJ6)/SUMIF($AJ5:$AJ6,"<>NC",$AK5:$AK6))} -> NC | AO4: Stratégie et enjeux de la sécu de la PECM | AQ4: =IF($AF5="NC","",$AF5)
A5: Stratégie et enjeux de la sécu de la PECM | F5: score général : | G5: {=IF(AND($B6:$B19="NC"),"NC",SUM($B6:$B19)/SUMIF($B6:$B19,"<>NC",$E6:$E19))} -> NC | H5: {=IF(AND($C6:$C19="NC"),"NC",SUM($C6:$C19)/SUMIF($C6:$C19,"<>NC",$E6:$E19))} -> NC | I5: {=IF(AND($D6:$D19="NC"),"NC",SUM($D6:$D19)/SUMIF($D6:$D19,"<>NC",$E6:$E19))} -> NC | K5: {=IF(AND($J6:$J19="NC"),"NC",SUM($J6:$J19)/SUMIF($J6:$J19,"<>NC",$E6:$E19))} -> NC | M5: Prescription | P5: score général : | S5: {=IF(AND($Q6:$Q17="NC"),"NC",SUM($Q6:$Q17)/SUMIF($Q6:$Q17,"<>NC",$R6:$R17))} -> NC | U5: Evènements indésirables | X5: score général : | Y5: {=IF(AND($V6:$V9="NC"),"NC",SUM($V6:$V9)/SUMIF($V6:$V9,"<>NC",$W6:$W9))} -> NC | AA5: Stratégie et enjeux de la sécu de la PECM | AE5: score général : | AF5: {=IF(AND($AC6:$AC19="NC"),"NC",SUM($AC6:$AC19)/SUMIF($AC6:$AC19,"<>NC",$AD6:$AD19))} -> NC | AH5: Audit dossiers : | AI5: crit 2 | AJ5: =Q7 -> NC | AK5: 1 | AO5: Evènements indésirables | AQ5: =IF($AF20="NC","",$AF20)
A6: crit 1 | B6: =IF(OR('Audit flash'!$E12="NC - Non concerné",'Audit flash'!$E12=""),"NC",IF('Audit flash'!$E12="4 - Tout à fait satisfaisant",1,IF('Audit flash'!$E12="3 - Plutôt satisfaisant",0.66,IF('Audit flash'!$E12="2 - Plutôt pas satisfaisant",0.33,0)))) -> NC | C6: =IF(OR('Audit flash'!$F12="NC - Non concerné",'Audit flash'!$F12=""),"NC",IF('Audit flash'!$F12="4 - Tout à fait satisfaisant",1,IF('Audit flash'!$F12="3 - Plutôt satisfaisant",0.66,IF('Audit flash'!$F12="2 - Plutôt pas satisfaisant",0.33,0)))) -> NC | D6: =IF(OR('Audit flash'!$G12="NC - Non concerné",'Audit flash'!$G12=""),"NC",IF('Audit flash'!$G12="4 - Tout à fait satisfaisant",1,IF('Audit flash'!$G12="3 - Plutôt satisfaisant",0.66,IF('Audit flash'!$G12="2 - Plutôt pas satisfaisant",0.33,0)))) -> NC | E6: 1 | J6: =IFERROR(AVERAGE($B6:$D6),"NC") -> NC | M6: crit 1 | N6: =COUNTIF('Audit dossiers'!$D10:$F10,'Fichier analyses'!N4) -> 0 | O6: =COUNTIF('Audit dossiers'!$D10:$F10,'Fichier analyses'!O4) -> 0 | P6: =COUNTIF('Audit dossiers'!$D10:$F10,'Fichier analyses'!P4) -> 0 | Q6: =IFERROR($N6/($N6+$O6),"NC") -> NC | R6: 1 | U6: crit 1 | V6: =IF(OR('Audit terrain'!$F11="NC - Non concerné",'Audit terrain'!$F11=""),"NC",IF('Audit terrain'!$F11="4 - Tout à fait satisfaisant",1,IF('Audit terrain'!$F11="3 - Plutôt satisfaisant",0.66,IF('Audit terrain'!$F11="2 - Plutôt pas satisfaisant",0.33,0)))) -> NC | W6: 1 | AA6: Audit flash : | AB6: crit 1 | AC6: =$J6 -> NC | AD6: 1 | AI6: crit 22 | AJ6: =Q32 -> NC | AK6: 1 | AO6: Protocoles/procédures | AQ6: =IF($AF30="NC","",$AF30)
A7: crit 2 | B7: =IF(OR('Audit flash'!$E13="NC - Non concerné",'Audit flash'!$E13=""),"NC",IF('Audit flash'!$E13="4 - Tout à fait satisfaisant",1,IF('Audit flash'!$E13="3 - Plutôt satisfaisant",0.66,IF('Audit flash'!$E13="2 - Plutôt pas satisfaisant",0.33,0)))) -> NC | C7: =IF(OR('Audit flash'!$F13="NC - Non concerné",'Audit flash'!$F13=""),"NC",IF('Audit flash'!$F13="4 - Tout à fait satisfaisant",1,IF('Audit flash'!$F13="3 - Plutôt satisfaisant",0.66,IF('Audit flash'!$F13="2 - Plutôt pas satisfaisant",0.33,0)))) -> NC | D7: =IF(OR('Audit flash'!$G13="NC - Non concerné",'Audit flash'!$G13=""),"NC",IF('Audit flash'!$G13="4 - Tout à fait satisfaisant",1,IF('Audit flash'!$G13="3 - Plutôt satisfaisant",0.66,IF('Audit flash'!$G13="2 - Plutôt pas satisfaisant",0.33,0)))) -> NC | E7: 1 | J7: =IFERROR(AVERAGE($B7:$D7),"NC") -> NC | M7: crit 2 | N7: =COUNTIF('Audit dossiers'!$D11:$F11,'Fichier analyses'!N4) -> 0 | O7: =COUNTIF('Audit dossiers'!$D11:$F11,'Fichier analyses'!O4) -> 0 | P7: =COUNTIF('Audit dossiers'!$D11:$F11,'Fichier analyses'!P4) -> 0 | Q7: =IFERROR($N7/($N7+$O7),"NC") -> NC | R7: 1 | U7: crit 2 | V7: =IF(OR('Audit terrain'!$F12="NC - Non concerné",'Audit terrain'!$F12=""),"NC",IF('Audit terrain'!$F12="4 - Tout à fait satisfaisant",1,IF('Audit terrain'!$F12="3 - Plutôt satisfaisant",0.66,IF('Audit terrain'!$F12="2 - Plutôt pas satisfaisant",0.33,0)))) -> NC | W7: 1 | AB7: crit 2 | AC7: =$J7 -> NC | AD7: 1 | AH7: Accompagnement en matière de prévention à la santé | AL7: score global : | AM7: {=IF(AND($AJ9:$AJ9="NC"),"NC",SUM($AJ9:$AJ9)/SUMIF($AJ9:$AJ9,"<>NC",$AK9:$AK9))} -> NC | AO7: Projet d'accompagnement | AQ7: =IF($AF40="NC","",$AF40)
A8: crit 3 | B8: =IF(OR('Audit flash'!$E14="NC - Non concerné",'Audit flash'!$E14=""),"NC",IF('Audit flash'!$E14="4 - Tout à fait satisfaisant",1,IF('Audit flash'!$E14="3 - Plutôt satisfaisant",0.66,IF('Audit flash'!$E14="2 - Plutôt pas satisfaisant",0.33,0)))) -> NC | C8: =IF(OR('Audit flash'!$F14="NC - Non concerné",'Audit flash'!$F14=""),"NC",IF('Audit flash'!$F14="4 - Tout à fait satisfaisant",1,IF('Audit flash'!$F14="3 - Plutôt satisfaisant",0.66,IF('Audit flash'!$F14="2 - Plutôt pas satisfaisant",0.33,0)))) -> NC | D8: =IF(OR('Audit flash'!$G14="NC - Non concerné",'Audit flash'!$G14=""),"NC",IF('Audit flash'!$G14="4 - Tout à fait satisfaisant",1,IF('Audit flash'!$G14="3 - Plutôt satisfaisant",0.66,IF('Audit flash'!$G14="2 - Plutôt pas satisfaisant",0.33,0)))) -> NC | E8: 1 | J8: =IFERROR(AVERAGE($B8:$D8),"NC") -> NC | M8: crit 3 | N8: =COUNTIF('Audit dossiers'!$D12:$F12,'Fichier analyses'!N4) -> 0 | O8: =COUNTIF('Audit dossiers'!$D12:$F12,'Fichier analyses'!O4) -> 0 | P8: =COUNTIF('Audit dossiers'!$D12:$F12,'Fichier analyses'!P4) -> 0 | Q8: =IFERROR($N8/($N8+$O8),"NC") -> NC | R8: 1 | U8: crit 3 | V8: =IF(OR('Audit terrain'!$F13="NC - Non concerné",'Audit terrain'!$F13=""),"NC",IF('Audit terrain'!$F13="4 - Tout à fait satisfaisant",1,IF('Audit terrain'!$F13="3 - Plutôt satisfaisant",0.66,IF('Audit terrain'!$F13="2 - Plutôt pas satisfaisant",0.33,0)))) -> NC | W8: 1 | AB8: crit 3 | AC8: =$J8 -> NC | AD8: 1 | AH8: Crit 1.14.2 | AL8: score général : | AM8: {=IF(AND($AJ9:$AJ9="NC"),"NC",SUM($AJ9:$AJ9)/SUMIF($AJ9:$AJ9,"<>NC",$AK9:$AK9))} -> NC | AO8: Formation / Information | AQ8: =IF($AF44="NC","",$AF44)
A9: crit 4 | B9: =IF(OR('Audit flash'!$E15="NC - Non concerné",'Audit flash'!$E15=""),"NC",IF('Audit flash'!$E15="4 - Tout à fait satisfaisant",1,IF('Audit flash'!$E15="3 - Plutôt satisfaisant",0.66,IF('Audit flash'!$E15="2 - Plutôt pas satisfaisant",0.33,0)))) -> NC | C9: =IF(OR('Audit flash'!$F15="NC - Non concerné",'Audit flash'!$F15=""),"NC",IF('Audit flash'!$F15="4 - Tout à fait satisfaisant",1,IF('Audit flash'!$F15="3 - Plutôt satisfaisant",0.66,IF('Audit flash'!$F15="2 - Plutôt pas satisfaisant",0.33,0)))) -> NC | D9: =IF(OR('Audit flash'!$G15="NC - Non concerné",'Audit flash'!$G15=""),"NC",IF('Audit flash'!$G15="4 - Tout à fait satisfaisant",1,IF('Audit flash'!$G15="3 - Plutôt satisfaisant",0.66,IF('Audit flash'!$G15="2 - Plutôt pas satisfaisant",0.33,0)))) -> NC | E9: 1 | J9: =IFERROR(AVERAGE($B9:$D9),"NC") -> NC | M9: crit 4 | N9: =COUNTIF('Audit dossiers'!$D13:$F13,'Fichier analyses'!N4) -> 0 | O9: =COUNTIF('Audit dossiers'!$D13:$F13,'Fichier analyses'!O4) -> 0 | P9: =COUNTIF('Audit dossiers'!$D13:$F13,'Fichier analyses'!P4) -> 0 | Q9: =IFERROR($N9/($N9+$O9),"NC") -> NC | R9: 1 | U9: crit 4 | V9: =IF(OR('Audit terrain'!$F14="NC - Non concerné",'Audit terrain'!$F14=""),"NC",IF('Audit terrain'!$F14="4 - Tout à fait satisfaisant",1,IF('Audit terrain'!$F14="3 - Plutôt satisfaisant",0.66,IF('Audit terrain'!$F14="2 - Plutôt pas satisfaisant",0.33,0)))) -> NC | W9: 1 | AB9: crit 4 | AC9: =$J9 -> NC | AD9: 1 | AH9: Audit dossiers : | AI9: crit 2 | AJ9: =Q7 -> NC | AK9: 1 | AO9: Mise en œuvre de la PECM | AQ9: =IF($AF48="NC","",$AF48)
A10: crit 5 | B10: =IF(OR('Audit flash'!$E16="NC - Non concerné",'Audit flash'!$E16=""),"NC",IF('Audit flash'!$E16="4 - Tout à fait satisfaisant",1,IF('Audit flash'!$E16="3 - Plutôt satisfaisant",0.66,IF('Audit flash'!$E16="2 - Plutôt pas satisfaisant",0.33,0)))) -> NC | C10: =IF(OR('Audit flash'!$F16="NC - Non concerné",'Audit flash'!$F16=""),"NC",IF('Audit flash'!$F16="4 - Tout à fait satisfaisant",1,IF('Audit flash'!$F16="3 - Plutôt satisfaisant",0.66,IF('Audit flash'!$F16="2 - Plutôt pas satisfaisant",0.33,0)))) -> NC | D10: =IF(OR('Audit flash'!$G16="NC - Non concerné",'Audit flash'!$G16=""),"NC",IF('Audit flash'!$G16="4 - Tout à fait satisfaisant",1,IF('Audit flash'!$G16="3 - Plutôt satisfaisant",0.66,IF('Audit flash'!$G16="2 - Plutôt pas satisfaisant",0.33,0)))) -> NC | E10: 1 | J10: =IFERROR(AVERAGE($B10:$D10),"NC") -> NC | M10: crit 5 | N10: =COUNTIF('Audit dossiers'!$D14:$F14,'Fichier analyses'!N4) -> 0 | O10: =COUNTIF('Audit dossiers'!$D14:$F14,'Fichier analyses'!O4) -> 0 | P10: =COUNTIF('Audit dossiers'!$D14:$F14,'Fichier analyses'!P4) -> 0 | Q10: =IFERROR($N10/($N10+$O10),"NC") -> NC | R10: 1 | U10: Protocoles/procédures | X10: score général : | Y10: {=IF(AND($V11:$V13="NC"),"NC",SUM($V11:$V13)/SUMIF($V11:$V13,"<>NC",$W11:$W13))} -> NC | AB10: crit 5 | AC10: =$J10 -> NC | AD10: 1 | AH10: Association de la personne accompagnée à la gestion de son traitement médicamenteux | AL10: score global : | AM10: {=IF(AND($AJ12:$AJ14="NC",$AJ16="NC",$AJ18:$AJ21="NC"),"NC",SUM($AJ12:$AJ21)/SUMIF($AJ12:$AJ21,"<>NC",$AK12:$AK21))} -> NC | AO10: Prescription / dispensation | AQ10: =IF($AF49="NC","",$AF49)
A11: crit 6 | B11: =IF(OR('Audit flash'!$E17="NC - Non concerné",'Audit flash'!$E17=""),"NC",IF('Audit flash'!$E17="4 - Tout à fait satisfaisant",1,IF('Audit flash'!$E17="3 - Plutôt satisfaisant",0.66,IF('Audit flash'!$E17="2 - Plutôt pas satisfaisant",0.33,0)))) -> NC | C11: =IF(OR('Audit flash'!$F17="NC - Non concerné",'Audit flash'!$F17=""),"NC",IF('Audit flash'!$F17="4 - Tout à fait satisfaisant",1,IF('Audit flash'!$F17="3 - Plutôt satisfaisant",0.66,IF('Audit flash'!$F17="2 - Plutôt pas satisfaisant",0.33,0)))) -> NC | D11: =IF(OR('Audit flash'!$G17="NC - Non concerné",'Audit flash'!$G17=""),"NC",IF('Audit flash'!$G17="4 - Tout à fait satisfaisant",1,IF('Audit flash'!$G17="3 - Plutôt satisfaisant",0.66,IF('Audit flash'!$G17="2 - Plutôt pas satisfaisant",0.33,0)))) -> NC | E11: 1 | J11: =IFERROR(AVERAGE($B11:$D11),"NC") -> NC | M11: crit 6 | N11: =COUNTIF('Audit dossiers'!$D15:$F15,'Fichier analyses'!N4) -> 0 | O11: =COUNTIF('Audit dossiers'!$D15:$F15,'Fichier analyses'!O4) -> 0 | P11: =COUNTIF('Audit dossiers'!$D15:$F15,'Fichier analyses'!P4) -> 0 | Q11: =IFERROR($N11/($N11+$O11),"NC") -> NC | R11: 1 | U11: crit 5 | V11: =IF(OR('Audit terrain'!$F16="NC - Non concerné",'Audit terrain'!$F16=""),"NC",IF('Audit terrain'!$F16="4 - Tout à fait satisfaisant",1,IF('Audit terrain'!$F16="3 - Plutôt satisfaisant",0.66,IF('Audit terrain'!$F16="2 - Plutôt pas satisfaisant",0.33,0)))) -> NC | W11: 1 | AB11: crit 6 | AC11: =$J11 -> NC | AD11: 1 | AH11: Crit 1.15.4 | AL11: score général : | AM11: {=IF(AND($AJ12:$AJ14="NC"),"NC",SUM($AJ12:$AJ14)/SUMIF($AJ12:$AJ14,"<>NC",$AK12:$AK14))} -> NC | AO11: Préparation / administration | AQ11: =IF($AF69="NC","",$AF69)
A12: crit 7 | B12: =IF(OR('Audit flash'!$E18="NC - Non concerné",'Audit flash'!$E18=""),"NC",IF('Audit flash'!$E18="4 - Tout à fait satisfaisant",1,IF('Audit flash'!$E18="3 - Plutôt satisfaisant",0.66,IF('Audit flash'!$E18="2 - Plutôt pas satisfaisant",0.33,0)))) -> NC | C12: =IF(OR('Audit flash'!$F18="NC - Non concerné",'Audit flash'!$F18=""),"NC",IF('Audit flash'!$F18="4 - Tout à fait satisfaisant",1,IF('Audit flash'!$F18="3 - Plutôt satisfaisant",0.66,IF('Audit flash'!$F18="2 - Plutôt pas satisfaisant",0.33,0)))) -> NC | D12: =IF(OR('Audit flash'!$G18="NC - Non concerné",'Audit flash'!$G18=""),"NC",IF('Audit flash'!$G18="4 - Tout à fait satisfaisant",1,IF('Audit flash'!$G18="3 - Plutôt satisfaisant",0.66,IF('Audit flash'!$G18="2 - Plutôt pas satisfaisant",0.33,0)))) -> NC | E12: 1 | J12: =IFERROR(AVERAGE($B12:$D12),"NC") -> NC | M12: crit 7 | N12: =COUNTIF('Audit dossiers'!$D16:$F16,'Fichier analyses'!N4) -> 0 | O12: =COUNTIF('Audit dossiers'!$D16:$F16,'Fichier analyses'!O4) -> 0 | P12: =COUNTIF('Audit dossiers'!$D16:$F16,'Fichier analyses'!P4) -> 0 | Q12: =IFERROR($N12/($N12+$O12),"NC") -> NC | R12: 1 | U12: crit 6 | V12: =IF(OR('Audit terrain'!$F17="NC - Non concerné",'Audit terrain'!$F17=""),"NC",IF('Audit terrain'!$F17="4 - Tout à fait satisfaisant",1,IF('Audit terrain'!$F17="3 - Plutôt satisfaisant",0.66,IF('Audit terrain'!$F17="2 - Plutôt pas satisfaisant",0.33,0)))) -> NC | W12: 1 | AB12: crit 7 | AC12: =$J12 -> NC | AD12: 1 | AH12: Audit terrain : | AI12: crit 8 | AJ12: =V15 -> NC | AK12: 1 | AO12: Surveillance | AQ12: =IF($AF101="NC","",$AF101)
A13: crit 8 | B13: =IF(OR('Audit flash'!$E19="NC - Non concerné",'Audit flash'!$E19=""),"NC",IF('Audit flash'!$E19="4 - Tout à fait satisfaisant",1,IF('Audit flash'!$E19="3 - Plutôt satisfaisant",0.66,IF('Audit flash'!$E19="2 - Plutôt pas satisfaisant",0.33,0)))) -> NC | C13: =IF(OR('Audit flash'!$F19="NC - Non concerné",'Audit flash'!$F19=""),"NC",IF('Audit flash'!$F19="4 - Tout à fait satisfaisant",1,IF('Audit flash'!$F19="3 - Plutôt satisfaisant",0.66,IF('Audit flash'!$F19="2 - Plutôt pas satisfaisant",0.33,0)))) -> NC | D13: =IF(OR('Audit flash'!$G19="NC - Non concerné",'Audit flash'!$G19=""),"NC",IF('Audit flash'!$G19="4 - Tout à fait satisfaisant",1,IF('Audit flash'!$G19="3 - Plutôt satisfaisant",0.66,IF('Audit flash'!$G19="2 - Plutôt pas satisfaisant",0.33,0)))) -> NC | E13: 1 | J13: =IFERROR(AVERAGE($B13:$D13),"NC") -> NC | M13: crit 8 | N13: =COUNTIF('Audit dossiers'!$D17:$F17,'Fichier analyses'!N4) -> 0 | O13: =COUNTIF('Audit dossiers'!$D17:$F17,'Fichier analyses'!O4) -> 0 | P13: =COUNTIF('Audit dossiers'!$D17:$F17,'Fichier analyses'!P4) -> 0 | Q13: =IFERROR($N13/($N13+$O13),"NC") -> NC | R13: 1 | U13: crit 7 | V13: =IF(OR('Audit terrain'!$F18="NC - Non concerné",'Audit terrain'!$F18=""),"NC",IF('Audit terrain'!$F18="4 - Tout à fait satisfaisant",1,IF('Audit terrain'!$F18="3 - Plutôt satisfaisant",0.66,IF('Audit terrain'!$F18="2 - Plutôt pas satisfaisant",0.33,0)))) -> NC | W13: 1 | AB13: crit 8 | AC13: =$J13 -> NC | AD13: 1 | AI13: crit 9 | AJ13: =V16 -> NC | AK13: 1 | AO13: Stockage | AQ13: =IF($AF105="NC","",$AF105)
A14: crit 9 | B14: =IF(OR('Audit flash'!$E20="NC - Non concerné",'Audit flash'!$E20=""),"NC",IF('Audit flash'!$E20="4 - Tout à fait satisfaisant",1,IF('Audit flash'!$E20="3 - Plutôt satisfaisant",0.66,IF('Audit flash'!$E20="2 - Plutôt pas satisfaisant",0.33,0)))) -> NC | C14: =IF(OR('Audit flash'!$F20="NC - Non concerné",'Audit flash'!$F20=""),"NC",IF('Audit flash'!$F20="4 - Tout à fait satisfaisant",1,IF('Audit flash'!$F20="3 - Plutôt satisfaisant",0.66,IF('Audit flash'!$F20="2 - Plutôt pas satisfaisant",0.33,0)))) -> NC | D14: =IF(OR('Audit flash'!$G20="NC - Non concerné",'Audit flash'!$G20=""),"NC",IF('Audit flash'!$G20="4 - Tout à fait satisfaisant",1,IF('Audit flash'!$G20="3 - Plutôt satisfaisant",0.66,IF('Audit flash'!$G20="2 - Plutôt pas satisfaisant",0.33,0)))) -> NC | E14: 1 | J14: =IFERROR(AVERAGE($B14:$D14),"NC") -> NC | M14: crit 9 | N14: =COUNTIF('Audit dossiers'!$D18:$F18,'Fichier analyses'!N4) -> 0 | O14: =COUNTIF('Audit dossiers'!$D18:$F18,'Fichier analyses'!O4) -> 0 | P14: =COUNTIF('Audit dossiers'!$D18:$F18,'Fichier analyses'!P4) -> 0 | Q14: =IFERROR($N14/($N14+$O14),"NC") -> NC | R14: 1 | U14: Projet d'accompagnement | X14: score général : | Y14: {=IF(AND($V15:$V17="NC"),"NC",SUM($V15:$V17)/SUMIF($V15:$V17,"<>NC",$W15:$W17))} -> NC | AB14: crit 9 | AC14: =$J14 -> NC | AD14: 1 | AI14: crit 48 | AJ14: =V58 -> NC | AK14: 1
A15: crit 10 | B15: =IF(OR('Audit flash'!$E21="NC - Non concerné",'Audit flash'!$E21=""),"NC",IF('Audit flash'!$E21="4 - Tout à fait satisfaisant",1,IF('Audit flash'!$E21="3 - Plutôt satisfaisant",0.66,IF('Audit flash'!$E21="2 - Plutôt pas satisfaisant",0.33,0)))) -> NC | C15: =IF(OR('Audit flash'!$F21="NC - Non concerné",'Audit flash'!$F21=""),"NC",IF('Audit flash'!$F21="4 - Tout à fait satisfaisant",1,IF('Audit flash'!$F21="3 - Plutôt satisfaisant",0.66,IF('Audit flash'!$F21="2 - Plutôt pas satisfaisant",0.33,0)))) -> NC | D15: =IF(OR('Audit flash'!$G21="NC - Non concerné",'Audit flash'!$G21=""),"NC",IF('Audit flash'!$G21="4 - Tout à fait satisfaisant",1,IF('Audit flash'!$G21="3 - Plutôt satisfaisant",0.66,IF('Audit flash'!$G21="2 - Plutôt pas satisfaisant",0.33,0)))) -> NC | E15: 1 | J15: =IFERROR(AVERAGE($B15:$D15),"NC") -> NC | M15: crit 10 | N15: =COUNTIF('Audit dossiers'!$D19:$F19,'Fichier analyses'!N4) -> 0 | O15: =COUNTIF('Audit dossiers'!$D19:$F19,'Fichier analyses'!O4) -> 0 | P15: =COUNTIF('Audit dossiers'!$D19:$F19,'Fichier analyses'!P4) -> 0 | Q15: =IFERROR($N15/($N15+$O15),"NC") -> NC | R15: 1 | U15: crit 8 | V15: =IF(OR('Audit terrain'!$F20="NC - Non concerné",'Audit terrain'!$F20=""),"NC",IF('Audit terrain'!$F20="4 - Tout à fait satisfaisant",1,IF('Audit terrain'!$F20="3 - Plutôt satisfaisant",0.66,IF('Audit terrain'!$F20="2 - Plutôt pas satisfaisant",0.33,0)))) -> NC | W15: 1 | AB15: crit 10 | AC15: =$J15 -> NC | AD15: 1 | AH15: Crit 1.15.6 | AL15: score général : | AM15: {=IF(AND($AJ16:$AJ16="NC"),"NC",SUM($AJ16:$AJ16)/SUMIF($AJ16:$AJ16,"<>NC",$AK16:$AK16))} -> NC
A16: crit 11 | B16: =IF(OR('Audit flash'!$E22="NC - Non concerné",'Audit flash'!$E22=""),"NC",IF('Audit flash'!$E22="4 - Tout à fait satisfaisant",1,IF('Audit flash'!$E22="3 - Plutôt satisfaisant",0.66,IF('Audit flash'!$E22="2 - Plutôt pas satisfaisant",0.33,0)))) -> NC | C16: =IF(OR('Audit flash'!$F22="NC - Non concerné",'Audit flash'!$F22=""),"NC",IF('Audit flash'!$F22="4 - Tout à fait satisfaisant",1,IF('Audit flash'!$F22="3 - Plutôt satisfaisant",0.66,IF('Audit flash'!$F22="2 - Plutôt pas satisfaisant",0.33,0)))) -> NC | D16: =IF(OR('Audit flash'!$G22="NC - Non concerné",'Audit flash'!$G22=""),"NC",IF('Audit flash'!$G22="4 - Tout à fait satisfaisant",1,IF('Audit flash'!$G22="3 - Plutôt satisfaisant",0.66,IF('Audit flash'!$G22="2 - Plutôt pas satisfaisant",0.33,0)))) -> NC | E16: 1 | J16: =IFERROR(AVERAGE($B16:$D16),"NC") -> NC | M16: crit 11 | N16: =COUNTIF('Audit dossiers'!$D20:$F20,'Fichier analyses'!N4) -> 0 | O16: =COUNTIF('Audit dossiers'!$D20:$F20,'Fichier analyses'!O4) -> 0 | P16: =COUNTIF('Audit dossiers'!$D20:$F20,'Fichier analyses'!P4) -> 0 | Q16: =IFERROR($N16/($N16+$O16),"NC") -> NC | R16: 1 | U16: crit 9 | V16: =IF(OR('Audit terrain'!$F21="NC - Non concerné",'Audit terrain'!$F21=""),"NC",IF('Audit terrain'!$F21="4 - Tout à fait satisfaisant",1,IF('Audit terrain'!$F21="3 - Plutôt satisfaisant",0.66,IF('Audit terrain'!$F21="2 - Plutôt pas satisfaisant",0.33,0)))) -> NC | W16: 1 | AB16: crit 11 | AC16: =$J16 -> NC | AD16: 1 | AH16: Audit flash : | AI16: crit 10 | AJ16: =J15 -> NC | AK16: 1
A17: crit 12 | B17: =IF(OR('Audit flash'!$E23="NC - Non concerné",'Audit flash'!$E23=""),"NC",IF('Audit flash'!$E23="4 - Tout à fait satisfaisant",1,IF('Audit flash'!$E23="3 - Plutôt satisfaisant",0.66,IF('Audit flash'!$E23="2 - Plutôt pas satisfaisant",0.33,0)))) -> NC | C17: =IF(OR('Audit flash'!$F23="NC - Non concerné",'Audit flash'!$F23=""),"NC",IF('Audit flash'!$F23="4 - Tout à fait satisfaisant",1,IF('Audit flash'!$F23="3 - Plutôt satisfaisant",0.66,IF('Audit flash'!$F23="2 - Plutôt pas satisfaisant",0.33,0)))) -> NC | D17: =IF(OR('Audit flash'!$G23="NC - Non concerné",'Audit flash'!$G23=""),"NC",IF('Audit flash'!$G23="4 - Tout à fait satisfaisant",1,IF('Audit flash'!$G23="3 - Plutôt satisfaisant",0.66,IF('Audit flash'!$G23="2 - Plutôt pas satisfaisant",0.33,0)))) -> NC | E17: 1 | J17: =IFERROR(AVERAGE($B17:$D17),"NC") -> NC | M17: crit 12 | N17: =COUNTIF('Audit dossiers'!$D21:$F21,'Fichier analyses'!N4) -> 0 | O17: =COUNTIF('Audit dossiers'!$D21:$F21,'Fichier analyses'!O4) -> 0 | P17: =COUNTIF('Audit dossiers'!$D21:$F21,'Fichier analyses'!P4) -> 0 | Q17: =IFERROR($N17/($N17+$O17),"NC") -> NC | R17: 1 | U17: crit 10 | V17: =IF(OR('Audit terrain'!$F22="NC - Non concerné",'Audit terrain'!$F22=""),"NC",IF('Audit terrain'!$F22="4 - Tout à fait satisfaisant",1,IF('Audit terrain'!$F22="3 - Plutôt satisfaisant",0.66,IF('Audit terrain'!$F22="2 - Plutôt pas satisfaisant",0.33,0)))) -> NC | W17: 1 | AB17: crit 12 | AC17: =$J17 -> NC | AD17: 1 | AH17: Crit 1.15.7 | AL17: score général : | AM17: {=IF(AND($AJ18:$AJ21="NC"),"NC",SUM($AJ18:$AJ21)/SUMIF($AJ18:$AJ21,"<>NC",$AK18:$AK21))} -> NC
A18: crit 13 | B18: =IF(OR('Audit flash'!$E24="NC - Non concerné",'Audit flash'!$E24=""),"NC",IF('Audit flash'!$E24="4 - Tout à fait satisfaisant",1,IF('Audit flash'!$E24="3 - Plutôt satisfaisant",0.66,IF('Audit flash'!$E24="2 - Plutôt pas satisfaisant",0.33,0)))) -> NC | C18: =IF(OR('Audit flash'!$F24="NC - Non concerné",'Audit flash'!$F24=""),"NC",IF('Audit flash'!$F24="4 - Tout à fait satisfaisant",1,IF('Audit flash'!$F24="3 - Plutôt satisfaisant",0.66,IF('Audit flash'!$F24="2 - Plutôt pas satisfaisant",0.33,0)))) -> NC | D18: =IF(OR('Audit flash'!$G24="NC - Non concerné",'Audit flash'!$G24=""),"NC",IF('Audit flash'!$G24="4 - Tout à fait satisfaisant",1,IF('Audit flash'!$G24="3 - Plutôt satisfaisant",0.66,IF('Audit flash'!$G24="2 - Plutôt pas satisfaisant",0.33,0)))) -> NC | E18: 1 | J18: =IFERROR(AVERAGE($B18:$D18),"NC") -> NC | M18: Coordination | P18: score général : | S18: {=IF(AND($Q19:$Q20="NC"),"NC",SUM($Q19:$Q20)/SUMIF($Q19:$Q20,"<>NC",$R19:$R20))} -> NC | U18: Mise en œuvre de la PECM | X18: score global : | Y18: {=IF(AND($V20:$V26="NC",$V28:$V58="NC",$V60:$V78="NC"),"NC",SUM($V20:$V78)/SUMIF($V20:$V78,"<>NC",$W20:$W78))} -> NC | AB18: crit 13 | AC18: =$J18 -> NC | AD18: 1 | AH18: Audit dossiers : | AI18: crit 18 | AJ18: =Q25 -> NC | AK18: 1
A19: crit 14 | B19: =IF(OR('Audit flash'!$E25="NC - Non concerné",'Audit flash'!$E25=""),"NC",IF('Audit flash'!$E25="4 - Tout à fait satisfaisant",1,IF('Audit flash'!$E25="3 - Plutôt satisfaisant",0.66,IF('Audit flash'!$E25="2 - Plutôt pas satisfaisant",0.33,0)))) -> NC | C19: =IF(OR('Audit flash'!$F25="NC - Non concerné",'Audit flash'!$F25=""),"NC",IF('Audit flash'!$F25="4 - Tout à fait satisfaisant",1,IF('Audit flash'!$F25="3 - Plutôt satisfaisant",0.66,IF('Audit flash'!$F25="2 - Plutôt pas satisfaisant",0.33,0)))) -> NC | D19: =IF(OR('Audit flash'!$G25="NC - Non concerné",'Audit flash'!$G25=""),"NC",IF('Audit flash'!$G25="4 - Tout à fait satisfaisant",1,IF('Audit flash'!$G25="3 - Plutôt satisfaisant",0.66,IF('Audit flash'!$G25="2 - Plutôt pas satisfaisant",0.33,0)))) -> NC | E19: 1 | J19: =IFERROR(AVERAGE($B19:$D19),"NC") -> NC | M19: crit 13 | N19: =COUNTIF('Audit dossiers'!$D23:$F23,'Fichier analyses'!N4) -> 0 | O19: =COUNTIF('Audit dossiers'!$D23:$F23,'Fichier analyses'!O4) -> 0 | P19: =COUNTIF('Audit dossiers'!$D23:$F23,'Fichier analyses'!P4) -> 0 | Q19: =IFERROR($N19/($N19+$O19),"NC") -> NC | R19: 1 | U19: Prescription / dispensation | X19: score général : | Y19: {=IF(AND($V20:$V26="NC"),"NC",SUM($V20:$V26)/SUMIF($V20:$V26,"<>NC",$W20:$W26))} -> NC | AB19: crit 14 | AC19: =$J19 -> NC | AD19: 1 | AI19: crit 19 | AJ19: =Q27 -> NC | AK19: 1
A20: Evènements indésirables | F20: score général : | G20: {=IF(AND($B21:$B25="NC"),"NC",SUM($B21:$B25)/SUMIF($B21:$B25,"<>NC",$E21:$E25))} -> NC | H20: {=IF(AND($C21:$C25="NC"),"NC",SUM($C21:$C25)/SUMIF($C21:$C25,"<>NC",$E21:$E25))} -> NC | I20: {=IF(AND($D21:$D25="NC"),"NC",SUM($D21:$D25)/SUMIF($D21:$D25,"<>NC",$E21:$E25))} -> NC | K20: {=IF(AND($J21:$J25="NC"),"NC",SUM($J21:$J25)/SUMIF($J21:$J25,"<>NC",$E21:$E25))} -> NC | M20: crit 14 | N20: =COUNTIF('Audit dossiers'!$D24:$F24,'Fichier analyses'!N4) -> 0 | O20: =COUNTIF('Audit dossiers'!$D24:$F24,'Fichier analyses'!O4) -> 0 | P20: =COUNTIF('Audit dossiers'!$D24:$F24,'Fichier analyses'!P4) -> 0 | Q20: =IFERROR($N20/($N20+$O20),"NC") -> NC | R20: 1 | U20: crit 11 | V20: =IF(OR('Audit terrain'!$F27="NC - Non concerné",'Audit terrain'!$F27=""),"NC",IF('Audit terrain'!$F27="4 - Tout à fait satisfaisant",1,IF('Audit terrain'!$F27="3 - Plutôt satisfaisant",0.66,IF('Audit terrain'!$F27="2 - Plutôt pas satisfaisant",0.33,0)))) -> NC | W20: 1 | AA20: Evènements indésirables | AE20: score général : | AF20: {=IF(AND($AC21:$AC29="NC"),"NC",SUM($AC21:$AC29)/SUMIF($AC21:$AC29,"<>NC",$AD21:$AD29))} -> NC | AI20: crit 20 | AJ20: =Q29 -> NC | AK20: 1
A21: crit 15 | B21: =IF(OR('Audit flash'!$E27="NC - Non concerné",'Audit flash'!$E27=""),"NC",IF('Audit flash'!$E27="4 - Tout à fait satisfaisant",1,IF('Audit flash'!$E27="3 - Plutôt satisfaisant",0.66,IF('Audit flash'!$E27="2 - Plutôt pas satisfaisant",0.33,0)))) -> NC | C21: =IF(OR('Audit flash'!$F27="NC - Non concerné",'Audit flash'!$F27=""),"NC",IF('Audit flash'!$F27="4 - Tout à fait satisfaisant",1,IF('Audit flash'!$F27="3 - Plutôt satisfaisant",0.66,IF('Audit flash'!$F27="2 - Plutôt pas satisfaisant",0.33,0)))) -> NC | D21: =IF(OR('Audit flash'!$G27="NC - Non concerné",'Audit flash'!$G27=""),"NC",IF('Audit flash'!$G27="4 - Tout à fait satisfaisant",1,IF('Audit flash'!$G27="3 - Plutôt satisfaisant",0.66,IF('Audit flash'!$G27="2 - Plutôt pas satisfaisant",0.33,0)))) -> NC | E21: 1 | J21: =IFERROR(AVERAGE($B21:$D21),"NC") -> NC | M21: Antipsychotique | P21: score général : | S21: {=IF(AND($Q22:$Q25="NC"),"NC",SUM($Q22:$Q25)/SUMIF($Q22:$Q25,"<>NC",$R22:$R25))} -> NC | U21: crit 12 | V21: =IF(OR('Audit terrain'!$F28="NC - Non concerné",'Audit terrain'!$F28=""),"NC",IF('Audit terrain'!$F28="4 - Tout à fait satisfaisant",1,IF('Audit terrain'!$F28="3 - Plutôt satisfaisant",0.66,IF('Audit terrain'!$F28="2 - Plutôt pas satisfaisant",0.33,0)))) -> NC | W21: 1 | AA21: Audit flash : | AB21: crit 15 | AC21: =$J21 -> NC | AD21: 1 | AI21: crit 21 | AJ21: =Q30 -> NC | AK21: 1
A22: crit 16 | B22: =IF(OR('Audit flash'!$E28="NC - Non concerné",'Audit flash'!$E28=""),"NC",IF('Audit flash'!$E28="4 - Tout à fait satisfaisant",1,IF('Audit flash'!$E28="3 - Plutôt satisfaisant",0.66,IF('Audit flash'!$E28="2 - Plutôt pas satisfaisant",0.33,0)))) -> NC | C22: =IF(OR('Audit flash'!$F28="NC - Non concerné",'Audit flash'!$F28=""),"NC",IF('Audit flash'!$F28="4 - Tout à fait satisfaisant",1,IF('Audit flash'!$F28="3 - Plutôt satisfaisant",0.66,IF('Audit flash'!$F28="2 - Plutôt pas satisfaisant",0.33,0)))) -> NC | D22: =IF(OR('Audit flash'!$G28="NC - Non concerné",'Audit flash'!$G28=""),"NC",IF('Audit flash'!$G28="4 - Tout à fait satisfaisant",1,IF('Audit flash'!$G28="3 - Plutôt satisfaisant",0.66,IF('Audit flash'!$G28="2 - Plutôt pas satisfaisant",0.33,0)))) -> NC | E22: 1 | J22: =IFERROR(AVERAGE($B22:$D22),"NC") -> NC | M22: crit 15 | N22: =COUNTIF('Audit dossiers'!$D26:$F26,'Fichier analyses'!N4) -> 0 | O22: =COUNTIF('Audit dossiers'!$D26:$F26,'Fichier analyses'!O4) -> 0 | P22: =COUNTIF('Audit dossiers'!$D26:$F26,'Fichier analyses'!P4) -> 0 | Q22: =IFERROR($N22/($N22+$O22),"NC") -> NC | R22: 1 | U22: crit 13 | V22: =IF(OR('Audit terrain'!$F29="NC - Non concerné",'Audit terrain'!$F29=""),"NC",IF('Audit terrain'!$F29="4 - Tout à fait satisfaisant",1,IF('Audit terrain'!$F29="3 - Plutôt satisfaisant",0.66,IF('Audit terrain'!$F29="2 - Plutôt pas satisfaisant",0.33,0)))) -> NC | W22: 1 | AB22: crit 16 | AC22: =$J22 -> NC | AD22: 1 | AH22: PEC de la douleur | AL22: score global : | AM22: =IF(AND($AJ24="NC",$AJ26="NC",$AJ28="NC",$AJ30="NC",$AJ32="NC"),"NC",SUM($AJ24:$AJ32)/SUMIF($AJ24:$AJ32,"<>NC",$AK24:$AK32)) -> NC
A23: crit 17 | B23: =IF(OR('Audit flash'!$E29="NC - Non concerné",'Audit flash'!$E29=""),"NC",IF('Audit flash'!$E29="4 - Tout à fait satisfaisant",1,IF('Audit flash'!$E29="3 - Plutôt satisfaisant",0.66,IF('Audit flash'!$E29="2 - Plutôt pas satisfaisant",0.33,0)))) -> NC | C23: =IF(OR('Audit flash'!$F29="NC - Non concerné",'Audit flash'!$F29=""),"NC",IF('Audit flash'!$F29="4 - Tout à fait satisfaisant",1,IF('Audit flash'!$F29="3 - Plutôt satisfaisant",0.66,IF('Audit flash'!$F29="2 - Plutôt pas satisfaisant",0.33,0)))) -> NC | D23: =IF(OR('Audit flash'!$G29="NC - Non concerné",'Audit flash'!$G29=""),"NC",IF('Audit flash'!$G29="4 - Tout à fait satisfaisant",1,IF('Audit flash'!$G29="3 - Plutôt satisfaisant",0.66,IF('Audit flash'!$G29="2 - Plutôt pas satisfaisant",0.33,0)))) -> NC | E23: 1 | J23: =IFERROR(AVERAGE($B23:$D23),"NC") -> NC | M23: crit 16 | N23: =COUNTIF('Audit dossiers'!$D27:$F27,'Fichier analyses'!N4) -> 0 | O23: =COUNTIF('Audit dossiers'!$D27:$F27,'Fichier analyses'!O4) -> 0 | P23: =COUNTIF('Audit dossiers'!$D27:$F27,'Fichier analyses'!P4) -> 0 | Q23: =IFERROR($N23/($N23+$O23),"NC") -> NC | R23: 1 | U23: crit 14 | V23: =IF(OR('Audit terrain'!$F30="NC - Non concerné",'Audit terrain'!$F30=""),"NC",IF('Audit terrain'!$F30="4 - Tout à fait satisfaisant",1,IF('Audit terrain'!$F30="3 - Plutôt satisfaisant",0.66,IF('Audit terrain'!$F30="2 - Plutôt pas satisfaisant",0.33,0)))) -> NC | W23: 1 | AB23: crit 17 | AC23: =$J23 -> NC | AD23: 1 | AH23: Crit 1.16.1 | AL23: score général : | AM23: {=IF(AND($AJ24:$AJ24="NC"),"NC",SUM($AJ24:$AJ24)/SUMIF($AJ24:$AJ24,"<>NC",$AK24:$AK24))} -> NC
A24: crit 18 | B24: =IF(OR('Audit flash'!$E30="NC - Non concerné",'Audit flash'!$E30=""),"NC",IF('Audit flash'!$E30="4 - Tout à fait satisfaisant",1,IF('Audit flash'!$E30="3 - Plutôt satisfaisant",0.66,IF('Audit flash'!$E30="2 - Plutôt pas satisfaisant",0.33,0)))) -> NC | C24: =IF(OR('Audit flash'!$F30="NC - Non concerné",'Audit flash'!$F30=""),"NC",IF('Audit flash'!$F30="4 - Tout à fait satisfaisant",1,IF('Audit flash'!$F30="3 - Plutôt satisfaisant",0.66,IF('Audit flash'!$F30="2 - Plutôt pas satisfaisant",0.33,0)))) -> NC | D24: =IF(OR('Audit flash'!$G30="NC - Non concerné",'Audit flash'!$G30=""),"NC",IF('Audit flash'!$G30="4 - Tout à fait satisfaisant",1,IF('Audit flash'!$G30="3 - Plutôt satisfaisant",0.66,IF('Audit flash'!$G30="2 - Plutôt pas satisfaisant",0.33,0)))) -> NC | E24: 1 | J24: =IFERROR(AVERAGE($B24:$D24),"NC") -> NC | M24: crit 17 | N24: =COUNTIF('Audit dossiers'!$D28:$F28,'Fichier analyses'!N4) -> 0 | O24: =COUNTIF('Audit dossiers'!$D28:$F28,'Fichier analyses'!O4) -> 0 | P24: =COUNTIF('Audit dossiers'!$D28:$F28,'Fichier analyses'!P4) -> 0 | Q24: =IFERROR($N24/($N24+$O24),"NC") -> NC | R24: 1 | U24: crit 15 | V24: =IF(OR('Audit terrain'!$F31="NC - Non concerné",'Audit terrain'!$F31=""),"NC",IF('Audit terrain'!$F31="4 - Tout à fait satisfaisant",1,IF('Audit terrain'!$F31="3 - Plutôt satisfaisant",0.66,IF('Audit terrain'!$F31="2 - Plutôt pas satisfaisant",0.33,0)))) -> NC | W24: 1 | AB24: crit 18 | AC24: =$J24 -> NC | AD24: 1 | AH24: Audit dossiers : | AI24: crit 25 | AJ24: =Q36 -> NC | AK24: 1
A25: crit 19 | B25: =IF(OR('Audit flash'!$E31="NC - Non concerné",'Audit flash'!$E31=""),"NC",IF('Audit flash'!$E31="4 - Tout à fait satisfaisant",1,IF('Audit flash'!$E31="3 - Plutôt satisfaisant",0.66,IF('Audit flash'!$E31="2 - Plutôt pas satisfaisant",0.33,0)))) -> NC | C25: =IF(OR('Audit flash'!$F31="NC - Non concerné",'Audit flash'!$F31=""),"NC",IF('Audit flash'!$F31="4 - Tout à fait satisfaisant",1,IF('Audit flash'!$F31="3 - Plutôt satisfaisant",0.66,IF('Audit flash'!$F31="2 - Plutôt pas satisfaisant",0.33,0)))) -> NC | D25: =IF(OR('Audit flash'!$G31="NC - Non concerné",'Audit flash'!$G31=""),"NC",IF('Audit flash'!$G31="4 - Tout à fait satisfaisant",1,IF('Audit flash'!$G31="3 - Plutôt satisfaisant",0.66,IF('Audit flash'!$G31="2 - Plutôt pas satisfaisant",0.33,0)))) -> NC | E25: 1 | J25: =IFERROR(AVERAGE($B25:$D25),"NC") -> NC | M25: crit 18 | N25: =COUNTIF('Audit dossiers'!$D29:$F29,'Fichier analyses'!N4) -> 0 | O25: =COUNTIF('Audit dossiers'!$D29:$F29,'Fichier analyses'!O4) -> 0 | P25: =COUNTIF('Audit dossiers'!$D29:$F29,'Fichier analyses'!P4) -> 0 | Q25: =IFERROR($N25/($N25+$O25),"NC") -> NC | R25: 1 | U25: crit 16 | V25: =IF(OR('Audit terrain'!$F32="NC - Non concerné",'Audit terrain'!$F32=""),"NC",IF('Audit terrain'!$F32="4 - Tout à fait satisfaisant",1,IF('Audit terrain'!$F32="3 - Plutôt satisfaisant",0.66,IF('Audit terrain'!$F32="2 - Plutôt pas satisfaisant",0.33,0)))) -> NC | W25: 1 | AB25: crit 19 | AC25: =$J25 -> NC | AD25: 1 | AH25: Crit 1.16.2 | AL25: score général : | AM25: =IF(AND($AJ26="NC"),"NC",SUM($AJ26)/SUMIF($AJ26,"<>NC",$AK26)) -> NC
A26: Protocoles/procédures | F26: score général : | G26: {=IF(AND($B27:$B32="NC"),"NC",SUM($B27:$B32)/SUMIF($B27:$B32,"<>NC",$E27:$E32))} -> NC | H26: {=IF(AND($C27:$C32="NC"),"NC",SUM($C27:$C32)/SUMIF($C27:$C32,"<>NC",$E27:$E32))} -> NC | I26: {=IF(AND($D27:$D32="NC"),"NC",SUM($D27:$D32)/SUMIF($D27:$D32,"<>NC",$E27:$E32))} -> NC | K26: {=IF(AND($J27:$J32="NC"),"NC",SUM($J27:$J32)/SUMIF($J27:$J32,"<>NC",$E27:$E32))} -> NC | M26: Benzodiazépine | P26: score général : | S26: =IF(AND($Q27="NC"),"NC",SUM($Q27)/SUMIF($Q27,"<>NC",$R27)) -> NC | U26: crit 17 | V26: =IF(OR('Audit terrain'!$F33="NC - Non concerné",'Audit terrain'!$F33=""),"NC",IF('Audit terrain'!$F33="4 - Tout à fait satisfaisant",1,IF('Audit terrain'!$F33="3 - Plutôt satisfaisant",0.66,IF('Audit terrain'!$F33="2 - Plutôt pas satisfaisant",0.33,0)))) -> NC | W26: 1 | AA26: Audit terrain : | AB26: crit 1 | AC26: =$V6 -> NC | AD26: 1 | AH26: Audit dossiers : | AI26: crit 26 | AJ26: =Q37 -> NC | AK26: 1
A27: crit 20 | B27: =IF(OR('Audit flash'!$E33="NC - Non concerné",'Audit flash'!$E33=""),"NC",IF('Audit flash'!$E33="4 - Tout à fait satisfaisant",1,IF('Audit flash'!$E33="3 - Plutôt satisfaisant",0.66,IF('Audit flash'!$E33="2 - Plutôt pas satisfaisant",0.33,0)))) -> NC | C27: =IF(OR('Audit flash'!$F33="NC - Non concerné",'Audit flash'!$F33=""),"NC",IF('Audit flash'!$F33="4 - Tout à fait satisfaisant",1,IF('Audit flash'!$F33="3 - Plutôt satisfaisant",0.66,IF('Audit flash'!$F33="2 - Plutôt pas satisfaisant",0.33,0)))) -> NC | D27: =IF(OR('Audit flash'!$G33="NC - Non concerné",'Audit flash'!$G33=""),"NC",IF('Audit flash'!$G33="4 - Tout à fait satisfaisant",1,IF('Audit flash'!$G33="3 - Plutôt satisfaisant",0.66,IF('Audit flash'!$G33="2 - Plutôt pas satisfaisant",0.33,0)))) -> NC | E27: 1 | J27: =IFERROR(AVERAGE($B27:$D27),"NC") -> NC | M27: crit 19 | N27: =COUNTIF('Audit dossiers'!$D31:$F31,'Fichier analyses'!N4) -> 0 | O27: =COUNTIF('Audit dossiers'!$D31:$F31,'Fichier analyses'!O4) -> 0 | P27: =COUNTIF('Audit dossiers'!$D31:$F31,'Fichier analyses'!P4) -> 0 | Q27: =IFERROR($N27/($N27+$O27),"NC") -> NC | R27: 1 | U27: Préparation / administration | X27: score général : | Y27: {=IF(AND($V28:$V58="NC"),"NC",SUM($V28:$V58)/SUMIF($V28:$V58,"<>NC",$W28:$W58))} -> NC | AB27: crit 2 | AC27: =$V7 -> NC | AD27: 1 | AH27: Crit 1.16.3 | AL27: score général : | AM27: =IF(AND($AJ28="NC"),"NC",SUM($AJ28)/SUMIF($AJ28,"<>NC",$AK28)) -> NC
A28: crit 21 | B28: =IF(OR('Audit flash'!$E34="NC - Non concerné",'Audit flash'!$E34=""),"NC",IF('Audit flash'!$E34="4 - Tout à fait satisfaisant",1,IF('Audit flash'!$E34="3 - Plutôt satisfaisant",0.66,IF('Audit flash'!$E34="2 - Plutôt pas satisfaisant",0.33,0)))) -> NC | C28: =IF(OR('Audit flash'!$F34="NC - Non concerné",'Audit flash'!$F34=""),"NC",IF('Audit flash'!$F34="4 - Tout à fait satisfaisant",1,IF('Audit flash'!$F34="3 - Plutôt satisfaisant",0.66,IF('Audit flash'!$F34="2 - Plutôt pas satisfaisant",0.33,0)))) -> NC | D28: =IF(OR('Audit flash'!$G34="NC - Non concerné",'Audit flash'!$G34=""),"NC",IF('Audit flash'!$G34="4 - Tout à fait satisfaisant",1,IF('Audit flash'!$G34="3 - Plutôt satisfaisant",0.66,IF('Audit flash'!$G34="2 - Plutôt pas satisfaisant",0.33,0)))) -> NC | E28: 1 | J28: =IFERROR(AVERAGE($B28:$D28),"NC") -> NC | M28: IPP | P28: score général : | S28: {=IF(AND($Q29:$Q30="NC"),"NC",SUM($Q29:$Q30)/SUMIF($Q29:$Q30,"<>NC",$R29:$R30))} -> NC | U28: crit 18 | V28: =IF(OR('Audit terrain'!$F35="NC - Non concerné",'Audit terrain'!$F35=""),"NC",IF('Audit terrain'!$F35="4 - Tout à fait satisfaisant",1,IF('Audit terrain'!$F35="3 - Plutôt satisfaisant",0.66,IF('Audit terrain'!$F35="2 - Plutôt pas satisfaisant",0.33,0)))) -> NC | W28: 1 | AB28: crit 3 | AC28: =$V8 -> NC | AD28: 1 | AH28: Audit dossiers : | AI28: crit 26 | AJ28: =Q37 -> NC | AK28: 1
A29: crit 22 | B29: =IF(OR('Audit flash'!$E35="NC - Non concerné",'Audit flash'!$E35=""),"NC",IF('Audit flash'!$E35="4 - Tout à fait satisfaisant",1,IF('Audit flash'!$E35="3 - Plutôt satisfaisant",0.66,IF('Audit flash'!$E35="2 - Plutôt pas satisfaisant",0.33,0)))) -> NC | C29: =IF(OR('Audit flash'!$F35="NC - Non concerné",'Audit flash'!$F35=""),"NC",IF('Audit flash'!$F35="4 - Tout à fait satisfaisant",1,IF('Audit flash'!$F35="3 - Plutôt satisfaisant",0.66,IF('Audit flash'!$F35="2 - Plutôt pas satisfaisant",0.33,0)))) -> NC | D29: =IF(OR('Audit flash'!$G35="NC - Non concerné",'Audit flash'!$G35=""),"NC",IF('Audit flash'!$G35="4 - Tout à fait satisfaisant",1,IF('Audit flash'!$G35="3 - Plutôt satisfaisant",0.66,IF('Audit flash'!$G35="2 - Plutôt pas satisfaisant",0.33,0)))) -> NC | E29: 1 | J29: =IFERROR(AVERAGE($B29:$D29),"NC") -> NC | M29: crit 20 | N29: =COUNTIF('Audit dossiers'!$D33:$F33,'Fichier analyses'!N4) -> 0 | O29: =COUNTIF('Audit dossiers'!$D33:$F33,'Fichier analyses'!O4) -> 0 | P29: =COUNTIF('Audit dossiers'!$D33:$F33,'Fichier analyses'!P4) -> 0 | Q29: =IFERROR($N29/($N29+$O29),"NC") -> NC | R29: 1 | U29: crit 19 | V29: =IF(OR('Audit terrain'!$F36="NC - Non concerné",'Audit terrain'!$F36=""),"NC",IF('Audit terrain'!$F36="4 - Tout à fait satisfaisant",1,IF('Audit terrain'!$F36="3 - Plutôt satisfaisant",0.66,IF('Audit terrain'!$F36="2 - Plutôt pas satisfaisant",0.33,0)))) -> NC | W29: 1 | AB29: crit 4 | AC29: =$V9 -> NC | AD29: 1 | AH29: Crit 1.16.4 | AL29: score général : | AM29: {=IF(AND($AJ30:$AJ30="NC"),"NC",SUM($AJ30:$AJ30)/SUMIF($AJ30:$AJ30,"<>NC",$AK30:$AK30))} -> NC
A30: crit 23 | B30: =IF(OR('Audit flash'!$E36="NC - Non concerné",'Audit flash'!$E36=""),"NC",IF('Audit flash'!$E36="4 - Tout à fait satisfaisant",1,IF('Audit flash'!$E36="3 - Plutôt satisfaisant",0.66,IF('Audit flash'!$E36="2 - Plutôt pas satisfaisant",0.33,0)))) -> NC | C30: =IF(OR('Audit flash'!$F36="NC - Non concerné",'Audit flash'!$F36=""),"NC",IF('Audit flash'!$F36="4 - Tout à fait satisfaisant",1,IF('Audit flash'!$F36="3 - Plutôt satisfaisant",0.66,IF('Audit flash'!$F36="2 - Plutôt pas satisfaisant",0.33,0)))) -> NC | D30: =IF(OR('Audit flash'!$G36="NC - Non concerné",'Audit flash'!$G36=""),"NC",IF('Audit flash'!$G36="4 - Tout à fait satisfaisant",1,IF('Audit flash'!$G36="3 - Plutôt satisfaisant",0.66,IF('Audit flash'!$G36="2 - Plutôt pas satisfaisant",0.33,0)))) -> NC | E30: 1 | J30: =IFERROR(AVERAGE($B30:$D30),"NC") -> NC | M30: crit 21 | N30: =COUNTIF('Audit dossiers'!$D34:$F34,'Fichier analyses'!N4) -> 0 | O30: =COUNTIF('Audit dossiers'!$D34:$F34,'Fichier analyses'!O4) -> 0 | P30: =COUNTIF('Audit dossiers'!$D34:$F34,'Fichier analyses'!P4) -> 0 | Q30: =IFERROR($N30/($N30+$O30),"NC") -> NC | R30: 1 | U30: crit 20 | V30: =IF(OR('Audit terrain'!$F37="NC - Non concerné",'Audit terrain'!$F37=""),"NC",IF('Audit terrain'!$F37="4 - Tout à fait satisfaisant",1,IF('Audit terrain'!$F37="3 - Plutôt satisfaisant",0.66,IF('Audit terrain'!$F37="2 - Plutôt pas satisfaisant",0.33,0)))) -> NC | W30: 1 | AA30: Protocoles/procédures | AE30: score général : | AF30: {=IF(AND($AC31:$AC39="NC"),"NC",SUM($AC31:$AC39)/SUMIF($AC31:$AC39,"<>NC",$AD31:$AD39))} -> NC | AH30: Audit flash : | AI30: crit 11 | AJ30: =J16 -> NC | AK30: 1
A31: crit 24 | B31: =IF(OR('Audit flash'!$E37="NC - Non concerné",'Audit flash'!$E37=""),"NC",IF('Audit flash'!$E37="4 - Tout à fait satisfaisant",1,IF('Audit flash'!$E37="3 - Plutôt satisfaisant",0.66,IF('Audit flash'!$E37="2 - Plutôt pas satisfaisant",0.33,0)))) -> NC | C31: =IF(OR('Audit flash'!$F37="NC - Non concerné",'Audit flash'!$F37=""),"NC",IF('Audit flash'!$F37="4 - Tout à fait satisfaisant",1,IF('Audit flash'!$F37="3 - Plutôt satisfaisant",0.66,IF('Audit flash'!$F37="2 - Plutôt pas satisfaisant",0.33,0)))) -> NC | D31: =IF(OR('Audit flash'!$G37="NC - Non concerné",'Audit flash'!$G37=""),"NC",IF('Audit flash'!$G37="4 - Tout à fait satisfaisant",1,IF('Audit flash'!$G37="3 - Plutôt satisfaisant",0.66,IF('Audit flash'!$G37="2 - Plutôt pas satisfaisant",0.33,0)))) -> NC | E31: 1 | J31: =IFERROR(AVERAGE($B31:$D31),"NC") -> NC | M31: Surveillance | P31: score général : | S31: {=IF(AND($Q32:$Q34="NC"),"NC",SUM($Q32:$Q34)/SUMIF($Q32:$Q34,"<>NC",$R32:$R34))} -> NC | U31: crit 21 | V31: =IF(OR('Audit terrain'!$F38="NC - Non concerné",'Audit terrain'!$F38=""),"NC",IF('Audit terrain'!$F38="4 - Tout à fait satisfaisant",1,IF('Audit terrain'!$F38="3 - Plutôt satisfaisant",0.66,IF('Audit terrain'!$F38="2 - Plutôt pas satisfaisant",0.33,0)))) -> NC | W31: 1 | AA31: Audit flash : | AB31: crit 20 | AC31: =$J27 -> NC | AD31: 1 | AH31: Crit 1.16.5 | AL31: score général : | AM31: {=IF(AND($AJ32:$AJ32="NC"),"NC",SUM($AJ32:$AJ32)/SUMIF($AJ32:$AJ32,"<>NC",$AK32:$AK32))} -> NC
A32: crit 25 | B32: =IF(OR('Audit flash'!$E38="NC - Non concerné",'Audit flash'!$E38=""),"NC",IF('Audit flash'!$E38="4 - Tout à fait satisfaisant",1,IF('Audit flash'!$E38="3 - Plutôt satisfaisant",0.66,IF('Audit flash'!$E38="2 - Plutôt pas satisfaisant",0.33,0)))) -> NC | C32: =IF(OR('Audit flash'!$F38="NC - Non concerné",'Audit flash'!$F38=""),"NC",IF('Audit flash'!$F38="4 - Tout à fait satisfaisant",1,IF('Audit flash'!$F38="3 - Plutôt satisfaisant",0.66,IF('Audit flash'!$F38="2 - Plutôt pas satisfaisant",0.33,0)))) -> NC | D32: =IF(OR('Audit flash'!$G38="NC - Non concerné",'Audit flash'!$G38=""),"NC",IF('Audit flash'!$G38="4 - Tout à fait satisfaisant",1,IF('Audit flash'!$G38="3 - Plutôt satisfaisant",0.66,IF('Audit flash'!$G38="2 - Plutôt pas satisfaisant",0.33,0)))) -> NC | E32: 1 | J32: =IFERROR(AVERAGE($B32:$D32),"NC") -> NC | M32: crit 22 | N32: =COUNTIF('Audit dossiers'!$D36:$F36,'Fichier analyses'!$N$4) -> 0 | O32: =COUNTIF('Audit dossiers'!$D36:$F36,'Fichier analyses'!$O$4) -> 0 | P32: =COUNTIF('Audit dossiers'!$D36:$F36,'Fichier analyses'!$P$4) -> 0 | Q32: =IFERROR($N32/($N32+$O32),"NC") -> NC | R32: 1 | U32: crit 22 | V32: =IF(OR('Audit terrain'!$F39="NC - Non concerné",'Audit terrain'!$F39=""),"NC",IF('Audit terrain'!$F39="4 - Tout à fait satisfaisant",1,IF('Audit terrain'!$F39="3 - Plutôt satisfaisant",0.66,IF('Audit terrain'!$F39="2 - Plutôt pas satisfaisant",0.33,0)))) -> NC | W32: 1 | AB32: crit 21 | AC32: =$J28 -> NC | AD32: 1 | AH32: Audit dossiers : | AI32: crit 27 | AJ32: =Q38 -> NC | AK32: 1
A33: Formation / Information | F33: score général : | G33: {=IF(AND($B34:$B36="NC"),"NC",SUM($B34:$B36)/SUMIF($B34:$B36,"<>NC",$E34:$E36))} -> NC | H33: {=IF(AND($C34:$C36="NC"),"NC",SUM($C34:$C36)/SUMIF($C34:$C36,"<>NC",$E34:$E36))} -> NC | I33: {=IF(AND($D34:$D36="NC"),"NC",SUM($D34:$D36)/SUMIF($D34:$D36,"<>NC",$E34:$E36))} -> NC | K33: {=IF(AND($J34:$J36="NC"),"NC",SUM($J34:$J36)/SUMIF($J34:$J36,"<>NC",$E34:$E36))} -> NC | M33: crit 23 | N33: =COUNTIF('Audit dossiers'!$D37:$F37,'Fichier analyses'!$N$4) -> 0 | O33: =COUNTIF('Audit dossiers'!$D37:$F37,'Fichier analyses'!$O$4) -> 0 | P33: =COUNTIF('Audit dossiers'!$D37:$F37,'Fichier analyses'!$P$4) -> 0 | Q33: =IFERROR($N33/($N33+$O33),"NC") -> NC | R33: 1 | U33: crit 23 | V33: =IF(OR('Audit terrain'!$F40="NC - Non concerné",'Audit terrain'!$F40=""),"NC",IF('Audit terrain'!$F40="4 - Tout à fait satisfaisant",1,IF('Audit terrain'!$F40="3 - Plutôt satisfaisant",0.66,IF('Audit terrain'!$F40="2 - Plutôt pas satisfaisant",0.33,0)))) -> NC | W33: 1 | AB33: crit 22 | AC33: =$J29 -> NC | AD33: 1 | AH33: Adaptation projet accompagnement | AL33: score global : | AM33: {=IF(AND($AJ35:$AJ37="NC"),"NC",SUM($AJ35:$AJ37)/SUMIF($AJ35:$AJ37,"<>NC",$AK35:$AK37))} -> NC
A34: crit 26 | B34: =IF(OR('Audit flash'!$E40="NC - Non concerné",'Audit flash'!$E40=""),"NC",IF('Audit flash'!$E40="4 - Tout à fait satisfaisant",1,IF('Audit flash'!$E40="3 - Plutôt satisfaisant",0.66,IF('Audit flash'!$E40="2 - Plutôt pas satisfaisant",0.33,0)))) -> NC | C34: =IF(OR('Audit flash'!$F40="NC - Non concerné",'Audit flash'!$F40=""),"NC",IF('Audit flash'!$F40="4 - Tout à fait satisfaisant",1,IF('Audit flash'!$F40="3 - Plutôt satisfaisant",0.66,IF('Audit flash'!$F40="2 - Plutôt pas satisfaisant",0.33,0)))) -> NC | D34: =IF(OR('Audit flash'!$G40="NC - Non concerné",'Audit flash'!$G40=""),"NC",IF('Audit flash'!$G40="4 - Tout à fait satisfaisant",1,IF('Audit flash'!$G40="3 - Plutôt satisfaisant",0.66,IF('Audit flash'!$G40="2 - Plutôt pas satisfaisant",0.33,0)))) -> NC | E34: 1 | J34: =IFERROR(AVERAGE($B34:$D34),"NC") -> NC | M34: crit 24 | N34: =COUNTIF('Audit dossiers'!$D38:$F38,'Fichier analyses'!$N$4) -> 0 | O34: =COUNTIF('Audit dossiers'!$D38:$F38,'Fichier analyses'!$O$4) -> 0 | P34: =COUNTIF('Audit dossiers'!$D38:$F38,'Fichier analyses'!$P$4) -> 0 | Q34: =IFERROR($N34/($N34+$O34),"NC") -> NC | R34: 1 | U34: crit 24 | V34: =IF(OR('Audit terrain'!$F41="NC - Non concerné",'Audit terrain'!$F41=""),"NC",IF('Audit terrain'!$F41="4 - Tout à fait satisfaisant",1,IF('Audit terrain'!$F41="3 - Plutôt satisfaisant",0.66,IF('Audit terrain'!$F41="2 - Plutôt pas satisfaisant",0.33,0)))) -> NC | W34: 1 | AB34: crit 23 | AC34: =$J30 -> NC | AD34: 1 | AH34: Crit 2.4.4 | AL34: score général : | AM34: {=IF(AND($AJ35:$AJ37="NC"),"NC",SUM($AJ35:$AJ37)/SUMIF($AJ35:$AJ37,"<>NC",$AK35:$AK37))} -> NC
A35: crit 27 | B35: =IF(OR('Audit flash'!$E41="NC - Non concerné",'Audit flash'!$E41=""),"NC",IF('Audit flash'!$E41="4 - Tout à fait satisfaisant",1,IF('Audit flash'!$E41="3 - Plutôt satisfaisant",0.66,IF('Audit flash'!$E41="2 - Plutôt pas satisfaisant",0.33,0)))) -> NC | C35: =IF(OR('Audit flash'!$F41="NC - Non concerné",'Audit flash'!$F41=""),"NC",IF('Audit flash'!$F41="4 - Tout à fait satisfaisant",1,IF('Audit flash'!$F41="3 - Plutôt satisfaisant",0.66,IF('Audit flash'!$F41="2 - Plutôt pas satisfaisant",0.33,0)))) -> NC | D35: =IF(OR('Audit flash'!$G41="NC - Non concerné",'Audit flash'!$G41=""),"NC",IF('Audit flash'!$G41="4 - Tout à fait satisfaisant",1,IF('Audit flash'!$G41="3 - Plutôt satisfaisant",0.66,IF('Audit flash'!$G41="2 - Plutôt pas satisfaisant",0.33,0)))) -> NC | E35: 1 | J35: =IFERROR(AVERAGE($B35:$D35),"NC") -> NC | M35: Douleur | P35: score général : | S35: {=IF(AND($Q36:$Q41="NC"),"NC",SUM($Q36:$Q41)/SUMIF($Q36:$Q41,"<>NC",$R36:$R41))} -> NC | U35: crit 25 | V35: =IF(OR('Audit terrain'!$F42="NC - Non concerné",'Audit terrain'!$F42=""),"NC",IF('Audit terrain'!$F42="4 - Tout à fait satisfaisant",1,IF('Audit terrain'!$F42="3 - Plutôt satisfaisant",0.66,IF('Audit terrain'!$F42="2 - Plutôt pas satisfaisant",0.33,0)))) -> NC | W35: 1 | AB35: crit 24 | AC35: =$J31 -> NC | AD35: 1 | AH35: Audit dossiers : | AI35: crit 31 | AJ35: =Q43 -> NC | AK35: 1
A36: crit 28 | B36: =IF(OR('Audit flash'!$E42="NC - Non concerné",'Audit flash'!$E42=""),"NC",IF('Audit flash'!$E42="4 - Tout à fait satisfaisant",1,IF('Audit flash'!$E42="3 - Plutôt satisfaisant",0.66,IF('Audit flash'!$E42="2 - Plutôt pas satisfaisant",0.33,0)))) -> NC | C36: =IF(OR('Audit flash'!$F42="NC - Non concerné",'Audit flash'!$F42=""),"NC",IF('Audit flash'!$F42="4 - Tout à fait satisfaisant",1,IF('Audit flash'!$F42="3 - Plutôt satisfaisant",0.66,IF('Audit flash'!$F42="2 - Plutôt pas satisfaisant",0.33,0)))) -> NC | D36: =IF(OR('Audit flash'!$G42="NC - Non concerné",'Audit flash'!$G42=""),"NC",IF('Audit flash'!$G42="4 - Tout à fait satisfaisant",1,IF('Audit flash'!$G42="3 - Plutôt satisfaisant",0.66,IF('Audit flash'!$G42="2 - Plutôt pas satisfaisant",0.33,0)))) -> NC | E36: 1 | J36: =IFERROR(AVERAGE($B36:$D36),"NC") -> NC | M36: crit 25 | N36: =COUNTIF('Audit dossiers'!$D40:$F40,'Fichier analyses'!$N$4) -> 0 | O36: =COUNTIF('Audit dossiers'!$D40:$F40,'Fichier analyses'!$O$4) -> 0 | P36: =COUNTIF('Audit dossiers'!$D40:$F40,'Fichier analyses'!$P$4) -> 0 | Q36: =IFERROR($N36/($N36+$O36),"NC") -> NC | R36: 1 | U36: crit 26 | V36: =IF(OR('Audit terrain'!$F43="NC - Non concerné",'Audit terrain'!$F43=""),"NC",IF('Audit terrain'!$F43="4 - Tout à fait satisfaisant",1,IF('Audit terrain'!$F43="3 - Plutôt satisfaisant",0.66,IF('Audit terrain'!$F43="2 - Plutôt pas satisfaisant",0.33,0)))) -> NC | W36: 1 | AB36: crit 25 | AC36: =$J32 -> NC | AD36: 1 | AI36: crit 32 | AJ36: =Q44 -> NC | AK36: 1
M37: crit 26 | N37: =COUNTIF('Audit dossiers'!$D41:$F41,'Fichier analyses'!$N$4) -> 0 | O37: =COUNTIF('Audit dossiers'!$D41:$F41,'Fichier analyses'!$O$4) -> 0 | P37: =COUNTIF('Audit dossiers'!$D41:$F41,'Fichier analyses'!$P$4) -> 0 | Q37: =IFERROR($N37/($N37+$O37),"NC") -> NC | R37: 1 | U37: crit 27 | V37: =IF(OR('Audit terrain'!$F44="NC - Non concerné",'Audit terrain'!$F44=""),"NC",IF('Audit terrain'!$F44="4 - Tout à fait satisfaisant",1,IF('Audit terrain'!$F44="3 - Plutôt satisfaisant",0.66,IF('Audit terrain'!$F44="2 - Plutôt pas satisfaisant",0.33,0)))) -> NC | W37: 1 | AA37: Audit terrain : | AB37: crit 5 | AC37: =$V11 -> NC | AD37: 1 | AI37: crit 33 | AJ37: =Q45 -> NC | AK37: 1
M38: crit 27 | N38: =COUNTIF('Audit dossiers'!$D42:$F42,'Fichier analyses'!$N$4) -> 0 | O38: =COUNTIF('Audit dossiers'!$D42:$F42,'Fichier analyses'!$O$4) -> 0 | P38: =COUNTIF('Audit dossiers'!$D42:$F42,'Fichier analyses'!$P$4) -> 0 | Q38: =IFERROR($N38/($N38+$O38),"NC") -> NC | R38: 1 | U38: crit 28 | V38: =IF(OR('Audit terrain'!$F45="NC - Non concerné",'Audit terrain'!$F45=""),"NC",IF('Audit terrain'!$F45="4 - Tout à fait satisfaisant",1,IF('Audit terrain'!$F45="3 - Plutôt satisfaisant",0.66,IF('Audit terrain'!$F45="2 - Plutôt pas satisfaisant",0.33,0)))) -> NC | W38: 1 | AB38: crit 6 | AC38: =$V12 -> NC | AD38: 1 | AH38: Stratégie de gestion du risque médicamenteux | AL38: score global : | AM38: {=IF(AND($AJ40:$AJ66="NC",$AJ68:$AJ150="NC",$AJ152:$AJ154="NC",$AJ156="NC",$AJ158="NC"),"NC",SUM($AJ40:$AJ158)/SUMIF($AJ40:$AJ158,"<>NC",$AK40:$AK158))} -> NC
M39: crit 28 | N39: =COUNTIF('Audit dossiers'!$D43:$F43,'Fichier analyses'!$N$4) -> 0 | O39: =COUNTIF('Audit dossiers'!$D43:$F43,'Fichier analyses'!$O$4) -> 0 | P39: =COUNTIF('Audit dossiers'!$D43:$F43,'Fichier analyses'!$P$4) -> 0 | Q39: =IFERROR($N39/($N39+$O39),"NC") -> NC | R39: 1 | U39: crit 29 | V39: =IF(OR('Audit terrain'!$F46="NC - Non concerné",'Audit terrain'!$F46=""),"NC",IF('Audit terrain'!$F46="4 - Tout à fait satisfaisant",1,IF('Audit terrain'!$F46="3 - Plutôt satisfaisant",0.66,IF('Audit terrain'!$F46="2 - Plutôt pas satisfaisant",0.33,0)))) -> NC | W39: 1 | AB39: crit 7 | AC39: =$V13 -> NC | AD39: 1 | AH39: Crit 3.6.1 | AL39: score général : | AM39: {=IF(AND($AJ40:$AJ66="NC"),"NC",SUM($AJ40:$AJ66)/SUMIF($AJ40:$AJ66,"<>NC",$AK40:$AK66))} -> NC
M40: crit 29 | N40: =COUNTIF('Audit dossiers'!$D44:$F44,'Fichier analyses'!$N$4) -> 0 | O40: =COUNTIF('Audit dossiers'!$D44:$F44,'Fichier analyses'!$O$4) -> 0 | P40: =COUNTIF('Audit dossiers'!$D44:$F44,'Fichier analyses'!$P$4) -> 0 | Q40: =IFERROR($N40/($N40+$O40),"NC") -> NC | R40: 1 | U40: crit 30 | V40: =IF(OR('Audit terrain'!$F47="NC - Non concerné",'Audit terrain'!$F47=""),"NC",IF('Audit terrain'!$F47="4 - Tout à fait satisfaisant",1,IF('Audit terrain'!$F47="3 - Plutôt satisfaisant",0.66,IF('Audit terrain'!$F47="2 - Plutôt pas satisfaisant",0.33,0)))) -> NC | W40: 1 | AA40: Projet d'accompagnement | AE40: score général : | AF40: {=IF(AND($AC41:$AC43="NC"),"NC",SUM($AC41:$AC43)/SUMIF($AC41:$AC43,"<>NC",$AD41:$AD43))} -> NC | AH40: Audit flash : | AI40: crit 1 | AJ40: =J6 -> NC | AK40: 1
M41: crit 30 | N41: =COUNTIF('Audit dossiers'!$D45:$F45,'Fichier analyses'!$N$4) -> 0 | O41: =COUNTIF('Audit dossiers'!$D45:$F45,'Fichier analyses'!$O$4) -> 0 | P41: =COUNTIF('Audit dossiers'!$D45:$F45,'Fichier analyses'!$P$4) -> 0 | Q41: =IFERROR($N41/($N41+$O41),"NC") -> NC | R41: 1 | U41: crit 31 | V41: =IF(OR('Audit terrain'!$F48="NC - Non concerné",'Audit terrain'!$F48=""),"NC",IF('Audit terrain'!$F48="4 - Tout à fait satisfaisant",1,IF('Audit terrain'!$F48="3 - Plutôt satisfaisant",0.66,IF('Audit terrain'!$F48="2 - Plutôt pas satisfaisant",0.33,0)))) -> NC | W41: 1 | AA41: Audit terrain : | AB41: crit 8 | AC41: =$V15 -> NC | AD41: 1 | AI41: crit 2 | AJ41: =J7 -> NC | AK41: 1
M42: Déglutition | P42: score général : | S42: {=IF(AND($Q43:$Q45="NC"),"NC",SUM($Q43:$Q45)/SUMIF($Q43:$Q45,"<>NC",$R43:$R45))} -> NC | U42: crit 32 | V42: =IF(OR('Audit terrain'!$F49="NC - Non concerné",'Audit terrain'!$F49=""),"NC",IF('Audit terrain'!$F49="4 - Tout à fait satisfaisant",1,IF('Audit terrain'!$F49="3 - Plutôt satisfaisant",0.66,IF('Audit terrain'!$F49="2 - Plutôt pas satisfaisant",0.33,0)))) -> NC | W42: 1 | AB42: crit 9 | AC42: =$V16 -> NC | AD42: 1 | AI42: crit 3 | AJ42: =J8 -> NC | AK42: 1
M43: crit 31 | N43: =COUNTIF('Audit dossiers'!$D47:$F47,'Fichier analyses'!$N$4) -> 0 | O43: =COUNTIF('Audit dossiers'!$D47:$F47,'Fichier analyses'!$O$4) -> 0 | P43: =COUNTIF('Audit dossiers'!$D47:$F47,'Fichier analyses'!$P$4) -> 0 | Q43: =IFERROR($N43/($N43+$O43),"NC") -> NC | R43: 1 | U43: crit 33 | V43: =IF(OR('Audit terrain'!$F50="NC - Non concerné",'Audit terrain'!$F50=""),"NC",IF('Audit terrain'!$F50="4 - Tout à fait satisfaisant",1,IF('Audit terrain'!$F50="3 - Plutôt satisfaisant",0.66,IF('Audit terrain'!$F50="2 - Plutôt pas satisfaisant",0.33,0)))) -> NC | W43: 1 | AB43: crit 10 | AC43: =$V17 -> NC | AD43: 1 | AI43: crit 4 | AJ43: =J9 -> NC | AK43: 1
M44: crit 32 | N44: =COUNTIF('Audit dossiers'!$D48:$F48,'Fichier analyses'!$N$4) -> 0 | O44: =COUNTIF('Audit dossiers'!$D48:$F48,'Fichier analyses'!$O$4) -> 0 | P44: =COUNTIF('Audit dossiers'!$D48:$F48,'Fichier analyses'!$P$4) -> 0 | Q44: =IFERROR($N44/($N44+$O44),"NC") -> NC | R44: 1 | U44: crit 34 | V44: =IF(OR('Audit terrain'!$F51="NC - Non concerné",'Audit terrain'!$F51=""),"NC",IF('Audit terrain'!$F51="4 - Tout à fait satisfaisant",1,IF('Audit terrain'!$F51="3 - Plutôt satisfaisant",0.66,IF('Audit terrain'!$F51="2 - Plutôt pas satisfaisant",0.33,0)))) -> NC | W44: 1 | AA44: Formation / Information | AE44: score général : | AF44: {=IF(AND($AC45:$AC47="NC"),"NC",SUM($AC45:$AC47)/SUMIF($AC45:$AC47,"<>NC",$AD45:$AD47))} -> NC | AI44: crit 5 | AJ44: =J10 -> NC | AK44: 1
M45: crit 33 | N45: =COUNTIF('Audit dossiers'!$D49:$F49,'Fichier analyses'!$N$4) -> 0 | O45: =COUNTIF('Audit dossiers'!$D49:$F49,'Fichier analyses'!$O$4) -> 0 | P45: =COUNTIF('Audit dossiers'!$D49:$F49,'Fichier analyses'!$P$4) -> 0 | Q45: =IFERROR($N45/($N45+$O45),"NC") -> NC | R45: 1 | U45: crit 35 | V45: =IF(OR('Audit terrain'!$F52="NC - Non concerné",'Audit terrain'!$F52=""),"NC",IF('Audit terrain'!$F52="4 - Tout à fait satisfaisant",1,IF('Audit terrain'!$F52="3 - Plutôt satisfaisant",0.66,IF('Audit terrain'!$F52="2 - Plutôt pas satisfaisant",0.33,0)))) -> NC | W45: 1 | AA45: Audit flash : | AB45: crit 26 | AC45: =$J34 -> NC | AD45: 1 | AI45: crit 6 | AJ45: =J11 -> NC | AK45: 1
M46: AOD | P46: score général : | S46: {=IF(AND($Q47:$Q49="NC"),"NC",SUM($Q47:$Q49)/SUMIF($Q47:$Q49,"<>NC",$R47:$R49))} -> NC | U46: crit 36 | V46: =IF(OR('Audit terrain'!$F53="NC - Non concerné",'Audit terrain'!$F53=""),"NC",IF('Audit terrain'!$F53="4 - Tout à fait satisfaisant",1,IF('Audit terrain'!$F53="3 - Plutôt satisfaisant",0.66,IF('Audit terrain'!$F53="2 - Plutôt pas satisfaisant",0.33,0)))) -> NC | W46: 1 | AB46: crit 27 | AC46: =$J35 -> NC | AD46: 1 | AI46: crit 7 | AJ46: =J12 -> NC | AK46: 1
M47: crit 34 | N47: =COUNTIF('Audit dossiers'!$D51:$F51,'Fichier analyses'!$N$4) -> 0 | O47: =COUNTIF('Audit dossiers'!$D51:$F51,'Fichier analyses'!$O$4) -> 0 | P47: =COUNTIF('Audit dossiers'!$D51:$F51,'Fichier analyses'!$P$4) -> 0 | Q47: =IFERROR($N47/($N47+$O47),"NC") -> NC | R47: 1 | U47: crit 37 | V47: =IF(OR('Audit terrain'!$F54="NC - Non concerné",'Audit terrain'!$F54=""),"NC",IF('Audit terrain'!$F54="4 - Tout à fait satisfaisant",1,IF('Audit terrain'!$F54="3 - Plutôt satisfaisant",0.66,IF('Audit terrain'!$F54="2 - Plutôt pas satisfaisant",0.33,0)))) -> NC | W47: 1 | AB47: crit 28 | AC47: =$J36 -> NC | AD47: 1 | AI47: crit 8 | AJ47: =J13 -> NC | AK47: 1
M48: crit 35 | N48: =COUNTIF('Audit dossiers'!$D52:$F52,'Fichier analyses'!$N$4) -> 0 | O48: =COUNTIF('Audit dossiers'!$D52:$F52,'Fichier analyses'!$O$4) -> 0 | P48: =COUNTIF('Audit dossiers'!$D52:$F52,'Fichier analyses'!$P$4) -> 0 | Q48: =IFERROR($N48/($N48+$O48),"NC") -> NC | R48: 1 | U48: crit 38 | V48: =IF(OR('Audit terrain'!$F55="NC - Non concerné",'Audit terrain'!$F55=""),"NC",IF('Audit terrain'!$F55="4 - Tout à fait satisfaisant",1,IF('Audit terrain'!$F55="3 - Plutôt satisfaisant",0.66,IF('Audit terrain'!$F55="2 - Plutôt pas satisfaisant",0.33,0)))) -> NC | W48: 1 | AA48: Mise en œuvre de la PECM | AE48: score global : | AF48: {=IF(AND($AC50:$AC68="NC",$AC70:$AC100="NC",$AC102:$AC104="NC",$AC106:$AC124="NC"),"NC",SUM($AC50:$AC124)/SUMIF($AC50:$AC124,"<>NC",$AD50:$AD124))} -> NC | AI48: crit 9 | AJ48: =J14 -> NC | AK48: 1
M49: crit 36 | N49: =COUNTIF('Audit dossiers'!$D53:$F53,'Fichier analyses'!$N$4) -> 0 | O49: =COUNTIF('Audit dossiers'!$D53:$F53,'Fichier analyses'!$O$4) -> 0 | P49: =COUNTIF('Audit dossiers'!$D53:$F53,'Fichier analyses'!$P$4) -> 0 | Q49: =IFERROR($N49/($N49+$O49),"NC") -> NC | R49: 1 | U49: crit 39 | V49: =IF(OR('Audit terrain'!$F56="NC - Non concerné",'Audit terrain'!$F56=""),"NC",IF('Audit terrain'!$F56="4 - Tout à fait satisfaisant",1,IF('Audit terrain'!$F56="3 - Plutôt satisfaisant",0.66,IF('Audit terrain'!$F56="2 - Plutôt pas satisfaisant",0.33,0)))) -> NC | W49: 1 | AA49: Prescription / dispensation | AE49: score général : | AF49: {=IF(AND($AC50:$AC68="NC"),"NC",SUM($AC50:$AC68)/SUMIF($AC50:$AC68,"<>NC",$AD50:$AD68))} -> NC | AI49: crit 12 | AJ49: =J17 -> NC | AK49: 1
U50: crit 40 | V50: =IF(OR('Audit terrain'!$F57="NC - Non concerné",'Audit terrain'!$F57=""),"NC",IF('Audit terrain'!$F57="4 - Tout à fait satisfaisant",1,IF('Audit terrain'!$F57="3 - Plutôt satisfaisant",0.66,IF('Audit terrain'!$F57="2 - Plutôt pas satisfaisant",0.33,0)))) -> NC | W50: 1 | AA50: Audit dossiers : | AB50: crit 1 | AC50: =$Q6 -> NC | AD50: 1 | AI50: crit 13 | AJ50: =J18 -> NC | AK50: 1
U51: crit 41 | V51: =IF(OR('Audit terrain'!$F58="NC - Non concerné",'Audit terrain'!$F58=""),"NC",IF('Audit terrain'!$F58="4 - Tout à fait satisfaisant",1,IF('Audit terrain'!$F58="3 - Plutôt satisfaisant",0.66,IF('Audit terrain'!$F58="2 - Plutôt pas satisfaisant",0.33,0)))) -> NC | W51: 1 | AB51: crit 2 | AC51: =$Q7 -> NC | AD51: 1 | AI51: crit 14 | AJ51: =J19 -> NC | AK51: 1
U52: crit 42 | V52: =IF(OR('Audit terrain'!$F59="NC - Non concerné",'Audit terrain'!$F59=""),"NC",IF('Audit terrain'!$F59="4 - Tout à fait satisfaisant",1,IF('Audit terrain'!$F59="3 - Plutôt satisfaisant",0.66,IF('Audit terrain'!$F59="2 - Plutôt pas satisfaisant",0.33,0)))) -> NC | W52: 1 | AB52: crit 3 | AC52: =$Q8 -> NC | AD52: 1 | AI52: crit 20 | AJ52: =J27 -> NC | AK52: 1
U53: crit 43 | V53: =IF(OR('Audit terrain'!$F60="NC - Non concerné",'Audit terrain'!$F60=""),"NC",IF('Audit terrain'!$F60="4 - Tout à fait satisfaisant",1,IF('Audit terrain'!$F60="3 - Plutôt satisfaisant",0.66,IF('Audit terrain'!$F60="2 - Plutôt pas satisfaisant",0.33,0)))) -> NC | W53: 1 | AB53: crit 4 | AC53: =$Q9 -> NC | AD53: 1 | AI53: crit 22 | AJ53: =J29 -> NC | AK53: 1
U54: crit 44 | V54: =IF(OR('Audit terrain'!$F61="NC - Non concerné",'Audit terrain'!$F61=""),"NC",IF('Audit terrain'!$F61="4 - Tout à fait satisfaisant",1,IF('Audit terrain'!$F61="3 - Plutôt satisfaisant",0.66,IF('Audit terrain'!$F61="2 - Plutôt pas satisfaisant",0.33,0)))) -> NC | W54: 1 | AB54: crit 5 | AC54: =$Q10 -> NC | AD54: 1 | AI54: crit 23 | AJ54: =J30 -> NC | AK54: 1
U55: crit 45 | V55: =IF(OR('Audit terrain'!$F62="NC - Non concerné",'Audit terrain'!$F62=""),"NC",IF('Audit terrain'!$F62="4 - Tout à fait satisfaisant",1,IF('Audit terrain'!$F62="3 - Plutôt satisfaisant",0.66,IF('Audit terrain'!$F62="2 - Plutôt pas satisfaisant",0.33,0)))) -> NC | W55: 1 | AB55: crit 6 | AC55: =$Q11 -> NC | AD55: 1 | AI55: crit 24 | AJ55: =J31 -> NC | AK55: 1
U56: crit 46 | V56: =IF(OR('Audit terrain'!$F63="NC - Non concerné",'Audit terrain'!$F63=""),"NC",IF('Audit terrain'!$F63="4 - Tout à fait satisfaisant",1,IF('Audit terrain'!$F63="3 - Plutôt satisfaisant",0.66,IF('Audit terrain'!$F63="2 - Plutôt pas satisfaisant",0.33,0)))) -> NC | W56: 1 | AB56: crit 7 | AC56: =$Q12 -> NC | AD56: 1 | AI56: crit 25 | AJ56: =J32 -> NC | AK56: 1
U57: crit 47 | V57: =IF(OR('Audit terrain'!$F64="NC - Non concerné",'Audit terrain'!$F64=""),"NC",IF('Audit terrain'!$F64="4 - Tout à fait satisfaisant",1,IF('Audit terrain'!$F64="3 - Plutôt satisfaisant",0.66,IF('Audit terrain'!$F64="2 - Plutôt pas satisfaisant",0.33,0)))) -> NC | W57: 1 | AB57: crit 8 | AC57: =$Q13 -> NC | AD57: 1 | AH57: Audit terrain : | AI57: crit 5 | AJ57: =V11 -> NC | AK57: 1
U58: crit 48 | V58: =IF(OR('Audit terrain'!$F65="NC - Non concerné",'Audit terrain'!$F65=""),"NC",IF('Audit terrain'!$F65="4 - Tout à fait satisfaisant",1,IF('Audit terrain'!$F65="3 - Plutôt satisfaisant",0.66,IF('Audit terrain'!$F65="2 - Plutôt pas satisfaisant",0.33,0)))) -> NC | W58: 1 | AB58: crit 9 | AC58: =$Q14 -> NC | AD58: 1 | AI58: crit 6 | AJ58: =V12 -> NC | AK58: 1
U59: Stockage | X59: score général : | Y59: {=IF(AND($V60:$V78="NC"),"NC",SUM($V60:$V78)/SUMIF($V60:$V78,"<>NC",$W60:$W78))} -> NC | AB59: crit 10 | AC59: =$Q15 -> NC | AD59: 1 | AI59: crit 7 | AJ59: =V13 -> NC | AK59: 1
U60: crit 49 | V60: =IF(OR('Audit terrain'!$F67="NC - Non concerné",'Audit terrain'!$F67=""),"NC",IF('Audit terrain'!$F67="4 - Tout à fait satisfaisant",1,IF('Audit terrain'!$F67="3 - Plutôt satisfaisant",0.66,IF('Audit terrain'!$F67="2 - Plutôt pas satisfaisant",0.33,0)))) -> NC | W60: 1 | AB60: crit 11 | AC60: =$Q16 -> NC | AD60: 1 | AI60: crit 13 | AJ60: =V22 -> NC | AK60: 1
U61: crit 50 | V61: =IF(OR('Audit terrain'!$F68="NC - Non concerné",'Audit terrain'!$F68=""),"NC",IF('Audit terrain'!$F68="4 - Tout à fait satisfaisant",1,IF('Audit terrain'!$F68="3 - Plutôt satisfaisant",0.66,IF('Audit terrain'!$F68="2 - Plutôt pas satisfaisant",0.33,0)))) -> NC | W61: 1 | AB61: crit 12 | AC61: =$Q17 -> NC | AD61: 1 | AI61: crit 18 | AJ61: =V28 -> NC | AK61: 1
U62: crit 51 | V62: =IF(OR('Audit terrain'!$F69="NC - Non concerné",'Audit terrain'!$F69=""),"NC",IF('Audit terrain'!$F69="4 - Tout à fait satisfaisant",1,IF('Audit terrain'!$F69="3 - Plutôt satisfaisant",0.66,IF('Audit terrain'!$F69="2 - Plutôt pas satisfaisant",0.33,0)))) -> NC | W62: 1 | AA62: Audit terrain : | AB62: crit 11 | AC62: =$V20 -> NC | AD62: 1 | AI62: crit 19 | AJ62: =V29 -> NC | AK62: 1
U63: crit 52 | V63: =IF(OR('Audit terrain'!$F70="NC - Non concerné",'Audit terrain'!$F70=""),"NC",IF('Audit terrain'!$F70="4 - Tout à fait satisfaisant",1,IF('Audit terrain'!$F70="3 - Plutôt satisfaisant",0.66,IF('Audit terrain'!$F70="2 - Plutôt pas satisfaisant",0.33,0)))) -> NC | W63: 1 | AB63: crit 12 | AC63: =$V21 -> NC | AD63: 1 | AI63: crit 36 | AJ63: =V46 -> NC | AK63: 1
U64: crit 53 | V64: =IF(OR('Audit terrain'!$F71="NC - Non concerné",'Audit terrain'!$F71=""),"NC",IF('Audit terrain'!$F71="4 - Tout à fait satisfaisant",1,IF('Audit terrain'!$F71="3 - Plutôt satisfaisant",0.66,IF('Audit terrain'!$F71="2 - Plutôt pas satisfaisant",0.33,0)))) -> NC | W64: 1 | AB64: crit 13 | AC64: =$V22 -> NC | AD64: 1 | AI64: crit 52 | AJ64: =V63 -> NC | AK64: 1
U65: crit 54 | V65: =IF(OR('Audit terrain'!$F72="NC - Non concerné",'Audit terrain'!$F72=""),"NC",IF('Audit terrain'!$F72="4 - Tout à fait satisfaisant",1,IF('Audit terrain'!$F72="3 - Plutôt satisfaisant",0.66,IF('Audit terrain'!$F72="2 - Plutôt pas satisfaisant",0.33,0)))) -> NC | W65: 1 | AB65: crit 14 | AC65: =$V23 -> NC | AD65: 1 | AI65: crit 59 | AJ65: =V70 -> NC | AK65: 1
U66: crit 55 | V66: =IF(OR('Audit terrain'!$F73="NC - Non concerné",'Audit terrain'!$F73=""),"NC",IF('Audit terrain'!$F73="4 - Tout à fait satisfaisant",1,IF('Audit terrain'!$F73="3 - Plutôt satisfaisant",0.66,IF('Audit terrain'!$F73="2 - Plutôt pas satisfaisant",0.33,0)))) -> NC | W66: 1 | AB66: crit 15 | AC66: =$V24 -> NC | AD66: 1 | AI66: crit 63 | AJ66: =V74 -> NC | AK66: 1
U67: crit 56 | V67: =IF(OR('Audit terrain'!$F74="NC - Non concerné",'Audit terrain'!$F74=""),"NC",IF('Audit terrain'!$F74="4 - Tout à fait satisfaisant",1,IF('Audit terrain'!$F74="3 - Plutôt satisfaisant",0.66,IF('Audit terrain'!$F74="2 - Plutôt pas satisfaisant",0.33,0)))) -> NC | W67: 1 | AB67: crit 16 | AC67: =$V25 -> NC | AD67: 1 | AH67: Crit 3.6.2 | AL67: score général : | AM67: {=IF(AND($AJ68:$AJ150="NC"),"NC",SUM($AJ68:$AJ150)/SUMIF($AJ68:$AJ150,"<>NC",$AK68:$AK150))} -> NC
U68: crit 57 | V68: =IF(OR('Audit terrain'!$F75="NC - Non concerné",'Audit terrain'!$F75=""),"NC",IF('Audit terrain'!$F75="4 - Tout à fait satisfaisant",1,IF('Audit terrain'!$F75="3 - Plutôt satisfaisant",0.66,IF('Audit terrain'!$F75="2 - Plutôt pas satisfaisant",0.33,0)))) -> NC | W68: 1 | AB68: crit 17 | AC68: =$V26 -> NC | AD68: 1 | AH68: Audit flash : | AI68: crit 20 | AJ68: =J27 -> NC | AK68: 1
U69: crit 58 | V69: =IF(OR('Audit terrain'!$F76="NC - Non concerné",'Audit terrain'!$F76=""),"NC",IF('Audit terrain'!$F76="4 - Tout à fait satisfaisant",1,IF('Audit terrain'!$F76="3 - Plutôt satisfaisant",0.66,IF('Audit terrain'!$F76="2 - Plutôt pas satisfaisant",0.33,0)))) -> NC | W69: 1 | AA69: Préparation / administration | AE69: score général : | AF69: {=IF(AND($AC70:$AC100="NC"),"NC",SUM($AC70:$AC100)/SUMIF($AC70:$AC100,"<>NC",$AD70:$AD100))} -> NC | AI69: crit 22 | AJ69: =J29 -> NC | AK69: 1
U70: crit 59 | V70: =IF(OR('Audit terrain'!$F77="NC - Non concerné",'Audit terrain'!$F77=""),"NC",IF('Audit terrain'!$F77="4 - Tout à fait satisfaisant",1,IF('Audit terrain'!$F77="3 - Plutôt satisfaisant",0.66,IF('Audit terrain'!$F77="2 - Plutôt pas satisfaisant",0.33,0)))) -> NC | W70: 1 | AA70: Audit terrain : | AB70: crit 18 | AC70: =$V28 -> NC | AD70: 1 | AH70: Audit dossiers : | AI70: crit 1 | AJ70: =Q6 -> NC | AK70: 1
U71: crit 60 | V71: =IF(OR('Audit terrain'!$F78="NC - Non concerné",'Audit terrain'!$F78=""),"NC",IF('Audit terrain'!$F78="4 - Tout à fait satisfaisant",1,IF('Audit terrain'!$F78="3 - Plutôt satisfaisant",0.66,IF('Audit terrain'!$F78="2 - Plutôt pas satisfaisant",0.33,0)))) -> NC | W71: 1 | AB71: crit 19 | AC71: =$V29 -> NC | AD71: 1 | AI71: crit 3 | AJ71: =Q8 -> NC | AK71: 1
U72: crit 61 | V72: =IF(OR('Audit terrain'!$F79="NC - Non concerné",'Audit terrain'!$F79=""),"NC",IF('Audit terrain'!$F79="4 - Tout à fait satisfaisant",1,IF('Audit terrain'!$F79="3 - Plutôt satisfaisant",0.66,IF('Audit terrain'!$F79="2 - Plutôt pas satisfaisant",0.33,0)))) -> NC | W72: 1 | AB72: crit 20 | AC72: =$V30 -> NC | AD72: 1 | AI72: crit 4 | AJ72: =Q9 -> NC | AK72: 1
U73: crit 62 | V73: =IF(OR('Audit terrain'!$F80="NC - Non concerné",'Audit terrain'!$F80=""),"NC",IF('Audit terrain'!$F80="4 - Tout à fait satisfaisant",1,IF('Audit terrain'!$F80="3 - Plutôt satisfaisant",0.66,IF('Audit terrain'!$F80="2 - Plutôt pas satisfaisant",0.33,0)))) -> NC | W73: 1 | AB73: crit 21 | AC73: =$V31 -> NC | AD73: 1 | AI73: crit 5 | AJ73: =Q10 -> NC | AK73: 1
U74: crit 63 | V74: =IF(OR('Audit terrain'!$F81="NC - Non concerné",'Audit terrain'!$F81=""),"NC",IF('Audit terrain'!$F81="4 - Tout à fait satisfaisant",1,IF('Audit terrain'!$F81="3 - Plutôt satisfaisant",0.66,IF('Audit terrain'!$F81="2 - Plutôt pas satisfaisant",0.33,0)))) -> NC | W74: 1 | AB74: crit 22 | AC74: =$V32 -> NC | AD74: 1 | AI74: crit 6 | AJ74: =Q11 -> NC | AK74: 1
U75: crit 64 | V75: =IF(OR('Audit terrain'!$F82="NC - Non concerné",'Audit terrain'!$F82=""),"NC",IF('Audit terrain'!$F82="4 - Tout à fait satisfaisant",1,IF('Audit terrain'!$F82="3 - Plutôt satisfaisant",0.66,IF('Audit terrain'!$F82="2 - Plutôt pas satisfaisant",0.33,0)))) -> NC | W75: 1 | AB75: crit 23 | AC75: =$V33 -> NC | AD75: 1 | AI75: crit 7 | AJ75: =Q12 -> NC | AK75: 1
U76: crit 65 | V76: =IF(OR('Audit terrain'!$F83="NC - Non concerné",'Audit terrain'!$F83=""),"NC",IF('Audit terrain'!$F83="4 - Tout à fait satisfaisant",1,IF('Audit terrain'!$F83="3 - Plutôt satisfaisant",0.66,IF('Audit terrain'!$F83="2 - Plutôt pas satisfaisant",0.33,0)))) -> NC | W76: 1 | AB76: crit 24 | AC76: =$V34 -> NC | AD76: 1 | AI76: crit 8 | AJ76: =Q13 -> NC | AK76: 1
U77: crit 66 | V77: =IF(OR('Audit terrain'!$F84="NC - Non concerné",'Audit terrain'!$F84=""),"NC",IF('Audit terrain'!$F84="4 - Tout à fait satisfaisant",1,IF('Audit terrain'!$F84="3 - Plutôt satisfaisant",0.66,IF('Audit terrain'!$F84="2 - Plutôt pas satisfaisant",0.33,0)))) -> NC | W77: 1 | AB77: crit 25 | AC77: =$V35 -> NC | AD77: 1 | AI77: crit 9 | AJ77: =Q14 -> NC | AK77: 1
U78: crit 67 | V78: =IF(OR('Audit terrain'!$F85="NC - Non concerné",'Audit terrain'!$F85=""),"NC",IF('Audit terrain'!$F85="4 - Tout à fait satisfaisant",1,IF('Audit terrain'!$F85="3 - Plutôt satisfaisant",0.66,IF('Audit terrain'!$F85="2 - Plutôt pas satisfaisant",0.33,0)))) -> NC | W78: 1 | AB78: crit 26 | AC78: =$V36 -> NC | AD78: 1 | AI78: crit 10 | AJ78: =Q15 -> NC | AK78: 1
AB79: crit 27 | AC79: =$V37 -> NC | AD79: 1 | AI79: crit 11 | AJ79: =Q16 -> NC | AK79: 1
AB80: crit 28 | AC80: =$V38 -> NC | AD80: 1 | AI80: crit 12 | AJ80: =Q17 -> NC | AK80: 1
AB81: crit 29 | AC81: =$V39 -> NC | AD81: 1 | AI81: crit 13 | AJ81: =Q19 -> NC | AK81: 1
AB82: crit 30 | AC82: =$V40 -> NC | AD82: 1 | AI82: crit 14 | AJ82: =Q20 -> NC | AK82: 1
AB83: crit 31 | AC83: =$V41 -> NC | AD83: 1 | AI83: crit 15 | AJ83: =Q22 -> NC | AK83: 1
AB84: crit 32 | AC84: =$V42 -> NC | AD84: 1 | AI84: crit 16 | AJ84: =Q23 -> NC | AK84: 1
AB85: crit 33 | AC85: =$V43 -> NC | AD85: 1 | AI85: crit 17 | AJ85: =Q24 -> NC | AK85: 1
AB86: crit 34 | AC86: =$V44 -> NC | AD86: 1 | AI86: crit 18 | AJ86: =Q25 -> NC | AK86: 1
AB87: crit 35 | AC87: =$V45 -> NC | AD87: 1 | AI87: crit 19 | AJ87: =Q27 -> NC | AK87: 1
AB88: crit 36 | AC88: =$V46 -> NC | AD88: 1 | AI88: crit 20 | AJ88: =Q29 -> NC | AK88: 1
AB89: crit 37 | AC89: =$V47 -> NC | AD89: 1 | AI89: crit 21 | AJ89: =Q30 -> NC | AK89: 1
AB90: crit 38 | AC90: =$V48 -> NC | AD90: 1 | AI90: crit 23 | AJ90: =Q33 -> NC | AK90: 1
AB91: crit 39 | AC91: =$V49 -> NC | AD91: 1 | AI91: crit 24 | AJ91: =Q34 -> NC | AK91: 1
AB92: crit 40 | AC92: =$V50 -> NC | AD92: 1 | AI92: crit 28 | AJ92: =Q39 -> NC | AK92: 1
AB93: crit 41 | AC93: =$V51 -> NC | AD93: 1 | AI93: crit 29 | AJ93: =Q40 -> NC | AK93: 1
AB94: crit 42 | AC94: =$V52 -> NC | AD94: 1 | AI94: crit 30 | AJ94: =Q41 -> NC | AK94: 1
AB95: crit 43 | AC95: =$V53 -> NC | AD95: 1 | AI95: crit 34 | AJ95: =Q47 -> NC | AK95: 1
AB96: crit 44 | AC96: =$V54 -> NC | AD96: 1 | AI96: crit 35 | AJ96: =Q48 -> NC | AK96: 1
AB97: crit 45 | AC97: =$V55 -> NC | AD97: 1 | AI97: crit 36 | AJ97: =Q49 -> NC | AK97: 1
AB98: crit 46 | AC98: =$V56 -> NC | AD98: 1 | AH98: Audit terrain : | AI98: crit 11 | AJ98: =V20 -> NC | AK98: 1
AB99: crit 47 | AC99: =$V57 -> NC | AD99: 1 | AI99: crit 12 | AJ99: =V21 -> NC | AK99: 1
AB100: crit 48 | AC100: =$V58 -> NC | AD100: 1 | AI100: crit 14 | AJ100: =V23 -> NC | AK100: 1
AA101: Surveillance | AE101: score général : | AF101: {=IF(AND($AC102:$AC104="NC"),"NC",SUM($AC102:$AC104)/SUMIF($AC102:$AC104,"<>NC",$AD102:$AD104))} -> NC | AI101: crit 15 | AJ101: =V24 -> NC | AK101: 1
...
